Workbook
Name diasuteis: #REF!
Name diasuteis: #REF!
Name diasuteis: #REF!
Name diasuteis: #REF!
Name diasuteis: #REF!
Name diasuteis: #REF!
Name diasuteis: #REF!
Name diasuteis: #REF!
Name diasuteis: #REF!
Name diasuteis: #REF!
Name diasuteis: #REF!
Name Ferias: #REF!
Name Ferias: #REF!
Name Ferias: #REF!
Name Ferias: #REF!
Name Ferias: #REF!
Name Ferias: #REF!
Name Ferias: #REF!
Name Ferias: #REF!
Name Ferias: #REF!
Name Ferias: #REF!
Name RD: OFFSET(#REF!,(MATCH(SMALL(#REF!,ROW()-10),#REF!,0)-1),0)

Sheet COVEST
A1: PROCESSO: 1254/2014/UDESC | D1: OBJETO: SERVIÇOS DE LAVANDERIA PARA A UDESC | H1: VIGÊNCIA DA ATA: 05/11/2014 até 04/11/2015 | K1: AF/OS nº xxxx/2014 Qtde. DT | L1: AF/OS nº xxxx/2014 Qtde. DT | M1: AF/OS nº xxxx/2014 Qtde. DT | N1: AF/OS nº xxxx/2014 Qtde. DT | O1: AF/OS nº xxxx/2014 Qtde. DT | P1: AF/OS nº xxxx/2014 Qtde. DT | Q1: AF/OS nº xxxx/2014 Qtde. DT | R1: AF/OS nº xxxx/2014 Qtde. DT | S1: AF/OS nº xxxx/2014 Qtde. DT | T1: AF/OS nº xxxx/2014 Qtde. DT | U1: AF/OS nº xxxx/2014 Qtde. DT | V1: AF/OS nº xxxx/2014 Qtde. DT
A2: CENTRO PARTICIPANTE: COVEST
A3: FORNECEDOR | B3: LOTE | C3: ITEM | D3: PRODUTO - CARACTERÍSTICAS MÍNIMAS | E3: ELEMENTO | F3: UNIDADE | G3: Preço UNITÁRIO (R$) | H3: Qtde LICITADA | I3: Saldo / Automático | J3: ALERTA | K3: ...../...../...... | L3: ...../...../...... | M3: ...../...../...... | N3: ...../...../...... | O3: ...../...../...... | P3: ...../...../...... | Q3: ...../...../...... | R3: ...../...../...... | S3: ...../...../...... | T3: ...../...../...... | U3: ...../...../...... | V3: ...../...../......
A4: Happy Clean Lounge e Lavanderia Self-Service Ltda - ME | B4: 1 | C4: 1 | D4: Agasalho sintético (tactel) | E4: 339039-46 | F4: Pç | G4: 5 | I4: =H4-(SUM(K4:V4)) -> 0 | J4: =IF(I4<0,"ATENÇÃO","OK") -> OK | K4: 0 | L4: 0 | M4: 0 | N4: 0 | O4: 0 | P4: 0 | Q4: 0 | R4: 0 | S4: 0 | T4: 0 | U4: 0 | V4: 0
C5: 2 | D5: Bandeira | E5: 339039-46 | F5: Pç | G5: 4 | I5: =H5-(SUM(K5:V5)) -> 0 | J5: =IF(I5<0,"ATENÇÃO","OK") -> OK | K5: 0 | L5: 0 | M5: 0 | N5: 0 | O5: 0 | P5: 0 | Q5: 0 | R5: 0 | S5: 0 | T5: 0 | U5: 0 | V5: 0
C6: 3 | D6: Beca de microfibra | E6: 339039-46 | F6: Pç | G6: 9.5 | I6: =H6-(SUM(K6:V6)) -> 0 | J6: =IF(I6<0,"ATENÇÃO","OK") -> OK | K6: 0 | L6: 0 | M6: 0 | N6: 0 | O6: 0 | P6: 0 | Q6: 0 | R6: 0 | S6: 0 | T6: 0 | U6: 0 | V6: 0
C7: 4 | D7: Bermuda sintética (camisas modalidades esportivas) | E7: 339039-46 | F7: Pç | G7: 3.5 | I7: =H7-(SUM(K7:V7)) -> 0 | J7: =IF(I7<0,"ATENÇÃO","OK") -> OK | K7: 0 | L7: 0 | M7: 0 | N7: 0 | O7: 0 | P7: 0 | Q7: 0 | R7: 0 | S7: 0 | T7: 0 | U7: 0 | V7: 0
C8: 5 | D8: Blusa de algodão / lã | E8: 339039-46 | F8: Pç | G8: 6 | I8: =H8-(SUM(K8:V8)) -> 0 | J8: =IF(I8<0,"ATENÇÃO","OK") -> OK | K8: 0 | L8: 0 | M8: 0 | N8: 0 | O8: 0 | P8: 0 | Q8: 0 | R8: 0 | S8: 0 | T8: 0 | U8: 0 | V8: 0
C9: 6 | D9: Calça de algodão / lã | E9: 339039-46 | F9: Pç | G9: 4 | I9: =H9-(SUM(K9:V9)) -> 0 | J9: =IF(I9<0,"ATENÇÃO","OK") -> OK | K9: 0 | L9: 0 | M9: 0 | N9: 0 | O9: 0 | P9: 0 | Q9: 0 | R9: 0 | S9: 0 | T9: 0 | U9: 0 | V9: 0
C10: 7 | D10: Calça de goleiro e camisa de goleiro com espuma de proteção nos joelhos, cintura e cotovelos. | E10: 339039-46 | F10: Pç | G10: 4 | I10: =H10-(SUM(K10:V10)) -> 0 | J10: =IF(I10<0,"ATENÇÃO","OK") -> OK | K10: 0 | L10: 0 | M10: 0 | N10: 0 | O10: 0 | P10: 0 | Q10: 0 | R10: 0 | S10: 0 | T10: 0 | U10: 0 | V10: 0
C11: 8 | D11: Calça sintética (tactel) | E11: 339039-46 | F11: Pç | G11: 4.2 | I11: =H11-(SUM(K11:V11)) -> 0 | J11: =IF(I11<0,"ATENÇÃO","OK") -> OK | K11: 0 | L11: 0 | M11: 0 | N11: 0 | O11: 0 | P11: 0 | Q11: 0 | R11: 0 | S11: 0 | T11: 0 | U11: 0 | V11: 0
C12: 9 | D12: Camisa de algodão | E12: 339039-46 | F12: Pç | G12: 4.2 | I12: =H12-(SUM(K12:V12)) -> 0 | J12: =IF(I12<0,"ATENÇÃO","OK") -> OK | K12: 0 | L12: 0 | M12: 0 | N12: 0 | O12: 0 | P12: 0 | Q12: 0 | R12: 0 | S12: 0 | T12: 0 | U12: 0 | V12: 0
C13: 10 | D13: Camiseta Polo | E13: 339039-46 | F13: Pç | G13: 3.5 | I13: =H13-(SUM(K13:V13)) -> 0 | J13: =IF(I13<0,"ATENÇÃO","OK") -> OK | K13: 0 | L13: 0 | M13: 0 | N13: 0 | O13: 0 | P13: 0 | Q13: 0 | R13: 0 | S13: 0 | T13: 0 | U13: 0 | V13: 0
C14: 11 | D14: Camiseta regata sintética (basquete) | E14: 339039-46 | F14: Pç | G14: 2.5 | I14: =H14-(SUM(K14:V14)) -> 0 | J14: =IF(I14<0,"ATENÇÃO","OK") -> OK | K14: 0 | L14: 0 | M14: 0 | N14: 0 | O14: 0 | P14: 0 | Q14: 0 | R14: 0 | S14: 0 | T14: 0 | U14: 0 | V14: 0
C15: 12 | D15: Camiseta sintética (camisas modalidades esportivas) | E15: 339039-46 | F15: Pç | G15: 3.5 | I15: =H15-(SUM(K15:V15)) -> 0 | J15: =IF(I15<0,"ATENÇÃO","OK") -> OK | K15: 0 | L15: 0 | M15: 0 | N15: 0 | O15: 0 | P15: 0 | Q15: 0 | R15: 0 | S15: 0 | T15: 0 | U15: 0 | V15: 0
C16: 13 | D16: Casaco de algodão | E16: 339039-46 | F16: Pç | G16: 6 | I16: =H16-(SUM(K16:V16)) -> 0 | J16: =IF(I16<0,"ATENÇÃO","OK") -> OK | K16: 0 | L16: 0 | M16: 0 | N16: 0 | O16: 0 | P16: 0 | Q16: 0 | R16: 0 | S16: 0 | T16: 0 | U16: 0 | V16: 0
... C37: 34 | D37: Vestido sintético | E37: 339039-46 | F37: Pç | G37: 5 | I37: =H37-(SUM(K37:V37)) -> 0 | J37: =IF(I37<0,"ATENÇÃO","OK") -> OK | K37: 0 | L37: 0 | M37: 0 | N37: 0 | O37: 0 | P37: 0 | Q37: 0 | R37: 0 | S37: 0 | T37: 0 | U37: 0 | V37: 0
C38: 35 | D38: Colete de brim (coletes utilizados na fiscalização de vestibulares e concursos) | E38: 339039-46 | F38: Pç | G38: 3.2 | H38: 2000 | I38: =H38-(SUM(K38:V38)) -> 2000 | J38: =IF(I38<0,"ATENÇÃO","OK") -> OK | K38: 0 | L38: 0 | M38: 0 | N38: 0 | O38: 0 | P38: 0 | Q38: 0 | R38: 0 | S38: 0 | T38: 0 | U38: 0 | V38: 0
C39: 36 | D39: Capara para instrumentos musicais | E39: 339039-46 | F39: kg | G39: 9 | I39: =H39-(SUM(K39:V39)) -> 0 | J39: =IF(I39<0,"ATENÇÃO","OK") -> OK | K39: 0 | L39: 0 | M39: 0 | N39: 0 | O39: 0 | P39: 0 | Q39: 0 | R39: 0 | S39: 0 | T39: 0 | U39: 0 | V39: 0
C40: 37 | D40: Manta para cobrir pianos | E40: 339039-46 | F40: kg | G40: 9 | I40: =H40-(SUM(K40:V40)) -> 0 | J40: =IF(I40<0,"ATENÇÃO","OK") -> OK | K40: 0 | L40: 0 | M40: 0 | N40: 0 | O40: 0 | P40: 0 | Q40: 0 | R40: 0 | S40: 0 | T40: 0 | U40: 0 | V40: 0
C41: 38 | D41: Tapete | E41: 339039-46 | F41: kg | G41: 9 | I41: =H41-(SUM(K41:V41)) -> 0 | J41: =IF(I41<0,"ATENÇÃO","OK") -> OK | K41: 0 | L41: 0 | M41: 0 | N41: 0 | O41: 0 | P41: 0 | Q41: 0 | R41: 0 | S41: 0 | T41: 0 | U41: 0 | V41: 0
C42: 39 | D42: Toalha de banho | E42: 339039-46 | F42: pç | G42: 2.6 | I42: =H42-(SUM(K42:V42)) -> 0 | J42: =IF(I42<0,"ATENÇÃO","OK") -> OK | K42: 0 | L42: 0 | M42: 0 | N42: 0 | O42: 0 | P42: 0 | Q42: 0 | R42: 0 | S42: 0 | T42: 0 | U42: 0 | V42: 0
C43: 40 | D43: Toalha de rosto | E43: 339039-46 | F43: pç | G43: 1.6 | I43: =H43-(SUM(K43:V43)) -> 0 | J43: =IF(I43<0,"ATENÇÃO","OK") -> OK | K43: 0 | L43: 0 | M43: 0 | N43: 0 | O43: 0 | P43: 0 | Q43: 0 | R43: 0 | S43: 0 | T43: 0 | U43: 0 | V43: 0
C44: 41 | D44: Fronha | E44: 339039-46 | F44: pç | G44: 1.5 | I44: =H44-(SUM(K44:V44)) -> 0 | J44: =IF(I44<0,"ATENÇÃO","OK") -> OK | K44: 0 | L44: 0 | M44: 0 | N44: 0 | O44: 0 | P44: 0 | Q44: 0 | R44: 0 | S44: 0 | T44: 0 | U44: 0 | V44: 0
C45: 42 | D45: Lençol (materiais diversos) | E45: 339039-46 | F45: pç | G45: 2.84 | I45: =H45-(SUM(K45:V45)) -> 0 | J45: =IF(I45<0,"ATENÇÃO","OK") -> OK | K45: 0 | L45: 0 | M45: 0 | N45: 0 | O45: 0 | P45: 0 | Q45: 0 | R45: 0 | S45: 0 | T45: 0 | U45: 0 | V45: 0
C46: 43 | D46: Jaleco (materiais diversos) | E46: 339039-46 | F46: pç | G46: 2.3 | I46: =H46-(SUM(K46:V46)) -> 0 | J46: =IF(I46<0,"ATENÇÃO","OK") -> OK | K46: 0 | L46: 0 | M46: 0 | N46: 0 | O46: 0 | P46: 0 | Q46: 0 | R46: 0 | S46: 0 | T46: 0 | U46: 0 | V46: 0
C47: 44 | D47: Capa de Microscópio | E47: 339039-46 | F47: pç | G47: 1.15 | I47: =H47-(SUM(K47:V47)) -> 0 | J47: =IF(I47<0,"ATENÇÃO","OK") -> OK | K47: 0 | L47: 0 | M47: 0 | N47: 0 | O47: 0 | P47: 0 | Q47: 0 | R47: 0 | S47: 0 | T47: 0 | U47: 0 | V47: 0
C48: 45 | D48: Persianas | E48: 339039-46 | F48: m² | G48: 7 | I48: =H48-(SUM(K48:V48)) -> 0 | J48: =IF(I48<0,"ATENÇÃO","OK") -> OK | K48: 0 | L48: 0 | M48: 0 | N48: 0 | O48: 0 | P48: 0 | Q48: 0 | R48: 0 | S48: 0 | T48: 0 | U48: 0 | V48: 0
D50: *Prazos de Entrega e de Pagamento conforme Termo de Referência do Edital

Sheet PROEX
A1: PROCESSO: 1254/2014/UDESC | D1: OBJETO: SERVIÇOS DE LAVANDERIA PARA A UDESC | H1: VIGÊNCIA DA ATA: 05/11/2014 até 04/11/2015 | K1: AF/OS nº xxxx/2014 Qtde. DT | L1: AF/OS nº xxxx/2014 Qtde. DT | M1: AF/OS nº xxxx/2014 Qtde. DT | N1: AF/OS nº xxxx/2014 Qtde. DT | O1: AF/OS nº xxxx/2014 Qtde. DT | P1: AF/OS nº xxxx/2014 Qtde. DT | Q1: AF/OS nº xxxx/2014 Qtde. DT | R1: AF/OS nº xxxx/2014 Qtde. DT | S1: AF/OS nº xxxx/2014 Qtde. DT | T1: AF/OS nº xxxx/2014 Qtde. DT | U1: AF/OS nº xxxx/2014 Qtde. DT | V1: AF/OS nº xxxx/2014 Qtde. DT
A2: CENTRO PARTICIPANTE: PROEX
A3: FORNECEDOR | B3: LOTE | C3: ITEM | D3: PRODUTO - CARACTERÍSTICAS MÍNIMAS | E3: ELEMENTO | F3: UNIDADE | G3: Preço UNITÁRIO (R$) | H3: Qtde LICITADA | I3: Saldo / Automático | J3: ALERTA | K3: ...../...../...... | L3: ...../...../...... | M3: ...../...../...... | N3: ...../...../...... | O3: ...../...../...... | P3: ...../...../...... | Q3: ...../...../...... | R3: ...../...../...... | S3: ...../...../...... | T3: ...../...../...... | U3: ...../...../...... | V3: ...../...../......
A4: Happy Clean Lounge e Lavanderia Self-Service Ltda - ME | B4: 1 | C4: 1 | D4: Agasalho sintético (tactel) | E4: 339039-46 | F4: Pç | G4: 5 | H4: 650 | I4: =H4-(SUM(K4:V4)) -> 650 | J4: =IF(I4<0,"ATENÇÃO","OK") -> OK | K4: 0 | L4: 0 | M4: 0 | N4: 0 | O4: 0 | P4: 0 | Q4: 0 | R4: 0 | S4: 0 | T4: 0 | U4: 0 | V4: 0
C5: 2 | D5: Bandeira | E5: 339039-46 | F5: Pç | G5: 4 | H5: 30 | I5: =H5-(SUM(K5:V5)) -> 30 | J5: =IF(I5<0,"ATENÇÃO","OK") -> OK | K5: 0 | L5: 0 | M5: 0 | N5: 0 | O5: 0 | P5: 0 | Q5: 0 | R5: 0 | S5: 0 | T5: 0 | U5: 0 | V5: 0
C6: 3 | D6: Beca de microfibra | E6: 339039-46 | F6: Pç | G6: 9.5 | H6: 50 | I6: =H6-(SUM(K6:V6)) -> 50 | J6: =IF(I6<0,"ATENÇÃO","OK") -> OK | K6: 0 | L6: 0 | M6: 0 | N6: 0 | O6: 0 | P6: 0 | Q6: 0 | R6: 0 | S6: 0 | T6: 0 | U6: 0 | V6: 0
C7: 4 | D7: Bermuda sintética (camisas modalidades esportivas) | E7: 339039-46 | F7: Pç | G7: 3.5 | H7: 700 | I7: =H7-(SUM(K7:V7)) -> 700 | J7: =IF(I7<0,"ATENÇÃO","OK") -> OK | K7: 0 | L7: 0 | M7: 0 | N7: 0 | O7: 0 | P7: 0 | Q7: 0 | R7: 0 | S7: 0 | T7: 0 | U7: 0 | V7: 0
C8: 5 | D8: Blusa de algodão / lã | E8: 339039-46 | F8: Pç | G8: 6 | I8: =H8-(SUM(K8:V8)) -> 0 | J8: =IF(I8<0,"ATENÇÃO","OK") -> OK | K8: 0 | L8: 0 | M8: 0 | N8: 0 | O8: 0 | P8: 0 | Q8: 0 | R8: 0 | S8: 0 | T8: 0 | U8: 0 | V8: 0
C9: 6 | D9: Calça de algodão / lã | E9: 339039-46 | F9: Pç | G9: 4 | I9: =H9-(SUM(K9:V9)) -> 0 | J9: =IF(I9<0,"ATENÇÃO","OK") -> OK | K9: 0 | L9: 0 | M9: 0 | N9: 0 | O9: 0 | P9: 0 | Q9: 0 | R9: 0 | S9: 0 | T9: 0 | U9: 0 | V9: 0
C10: 7 | D10: Calça de goleiro e camisa de goleiro com espuma de proteção nos joelhos, cintura e cotovelos. | E10: 339039-46 | F10: Pç | G10: 4 | H10: 40 | I10: =H10-(SUM(K10:V10)) -> 40 | J10: =IF(I10<0,"ATENÇÃO","OK") -> OK | K10: 0 | L10: 0 | M10: 0 | N10: 0 | O10: 0 | P10: 0 | Q10: 0 | R10: 0 | S10: 0 | T10: 0 | U10: 0 | V10: 0
C11: 8 | D11: Calça sintética (tactel) | E11: 339039-46 | F11: Pç | G11: 4.2 | H11: 650 | I11: =H11-(SUM(K11:V11)) -> 650 | J11: =IF(I11<0,"ATENÇÃO","OK") -> OK | K11: 0 | L11: 0 | M11: 0 | N11: 0 | O11: 0 | P11: 0 | Q11: 0 | R11: 0 | S11: 0 | T11: 0 | U11: 0 | V11: 0
C12: 9 | D12: Camisa de algodão | E12: 339039-46 | F12: Pç | G12: 4.2 | H12: 200 | I12: =H12-(SUM(K12:V12)) -> 200 | J12: =IF(I12<0,"ATENÇÃO","OK") -> OK | K12: 0 | L12: 0 | M12: 0 | N12: 0 | O12: 0 | P12: 0 | Q12: 0 | R12: 0 | S12: 0 | T12: 0 | U12: 0 | V12: 0
C13: 10 | D13: Camiseta Polo | E13: 339039-46 | F13: Pç | G13: 3.5 | H13: 150 | I13: =H13-(SUM(K13:V13)) -> 150 | J13: =IF(I13<0,"ATENÇÃO","OK") -> OK | K13: 0 | L13: 0 | M13: 0 | N13: 0 | O13: 0 | P13: 0 | Q13: 0 | R13: 0 | S13: 0 | T13: 0 | U13: 0 | V13: 0
C14: 11 | D14: Camiseta regata sintética (basquete) | E14: 339039-46 | F14: Pç | G14: 2.5 | H14: 100 | I14: =H14-(SUM(K14:V14)) -> 100 | J14: =IF(I14<0,"ATENÇÃO","OK") -> OK | K14: 0 | L14: 0 | M14: 0 | N14: 0 | O14: 0 | P14: 0 | Q14: 0 | R14: 0 | S14: 0 | T14: 0 | U14: 0 | V14: 0
C15: 12 | D15: Camiseta sintética (camisas modalidades esportivas) | E15: 339039-46 | F15: Pç | G15: 3.5 | H15: 600 | I15: =H15-(SUM(K15:V15)) -> 600 | J15: =IF(I15<0,"ATENÇÃO","OK") -> OK | K15: 0 | L15: 0 | M15: 0 | N15: 0 | O15: 0 | P15: 0 | Q15: 0 | R15: 0 | S15: 0 | T15: 0 | U15: 0 | V15: 0
C16: 13 | D16: Casaco de algodão | E16: 339039-46 | F16: Pç | G16: 6 | I16: =H16-(SUM(K16:V16)) -> 0 | J16: =IF(I16<0,"ATENÇÃO","OK") -> OK | K16: 0 | L16: 0 | M16: 0 | N16: 0 | O16: 0 | P16: 0 | Q16: 0 | R16: 0 | S16: 0 | T16: 0 | U16: 0 | V16: 0
C17: 14 | D17: Casaco de couro / Jeans / Sintético | E17: 339039-46 | F17: Pç | G17: 7 | I17: =H17-(SUM(K17:V17)) -> 0 | J17: =IF(I17<0,"ATENÇÃO","OK") -> OK | K17: 0 | L17: 0 | M17: 0 | N17: 0 | O17: 0 | P17: 0 | Q17: 0 | R17: 0 | S17: 0 | T17: 0 | U17: 0 | V17: 0
C18: 15 | D18: Chapéu | E18: 339039-46 | F18: Pç | G18: 4 | I18: =H18-(SUM(K18:V18)) -> 0 | J18: =IF(I18<0,"ATENÇÃO","OK") -> OK | K18: 0 | L18: 0 | M18: 0 | N18: 0 | O18: 0 | P18: 0 | Q18: 0 | R18: 0 | S18: 0 | T18: 0 | U18: 0 | V18: 0
C19: 16 | D19: Cinto sintético | E19: 339039-46 | F19: Pç | G19: 3.05 | I19: =H19-(SUM(K19:V19)) -> 0 | J19: =IF(I19<0,"ATENÇÃO","OK") -> OK | K19: 0 | L19: 0 | M19: 0 | N19: 0 | O19: 0 | P19: 0 | Q19: 0 | R19: 0 | S19: 0 | T19: 0 | U19: 0 | V19: 0
C20: 17 | D20: Colete sintético (babeiro) | E20: 339039-46 | F20: Pç | G20: 0.5 | H20: 150 | I20: =H20-(SUM(K20:V20)) -> 150 | J20: =IF(I20<0,"ATENÇÃO","OK") -> OK | K20: 0 | L20: 0 | M20: 0 | N20: 0 | O20: 0 | P20: 0 | Q20: 0 | R20: 0 | S20: 0 | T20: 0 | U20: 0 | V20: 0
C21: 18 | D21: Cortina blackout / Cortina de algodão / Cortina de cetim e material sintético / Cortina de gorgurão / Cortina de veludo / Cortinas em algodão de 92 m² / Forro de cortina / Voil de cortina | E21: 339039-46 | F21: Kg | G21: 9 | I21: =H21-(SUM(K21:V21)) -> 0 | J21: =IF(I21<0,"ATENÇÃO","OK") -> OK | K21: 0 | L21: 0 | M21: 0 | N21: 0 | O21: 0 | P21: 0 | Q21: 0 | R21: 0 | S21: 0 | T21: 0 | U21: 0 | V21: 0
C22: 19 | D22: Faixa de cetim | E22: 339039-46 | F22: Pç | G22: 2 | H22: 30 | I22: =H22-(SUM(K22:V22)) -> 30 | J22: =IF(I22<0,"ATENÇÃO","OK") -> OK | K22: 0 | L22: 0 | M22: 0 | N22: 0 | O22: 0 | P22: 0 | Q22: 0 | R22: 0 | S22: 0 | T22: 0 | U22: 0 | V22: 0
C23: 20 | D23: Fantasia infantil | E23: 339039-46 | F23: Pç | G23: 5 | I23: =H23-(SUM(K23:V23)) -> 0 | J23: =IF(I23<0,"ATENÇÃO","OK") -> OK | K23: 0 | L23: 0 | M23: 0 | N23: 0 | O23: 0 | P23: 0 | Q23: 0 | R23: 0 | S23: 0 | T23: 0 | U23: 0 | V23: 0
C24: 21 | D24: Gravata (materiais diversos) | E24: 339039-46 | F24: Pç | G24: 3 | I24: =H24-(SUM(K24:V24)) -> 0 | J24: =IF(I24<0,"ATENÇÃO","OK") -> OK | K24: 0 | L24: 0 | M24: 0 | N24: 0 | O24: 0 | P24: 0 | Q24: 0 | R24: 0 | S24: 0 | T24: 0 | U24: 0 | V24: 0
C25: 22 | D25: Jabô de renda / de algodão com aplicação em renda | E25: 339039-46 | F25: Pç | G25: 3.5 | H25: 30 | I25: =H25-(SUM(K25:V25)) -> 30 | J25: =IF(I25<0,"ATENÇÃO","OK") -> OK | K25: 0 | L25: 0 | M25: 0 | N25: 0 | O25: 0 | P25: 0 | Q25: 0 | R25: 0 | S25: 0 | T25: 0 | U25: 0 | V25: 0
C26: 23 | D26: Jaqueta de lã | E26: 339039-46 | F26: Pç | G26: 6 | I26: =H26-(SUM(K26:V26)) -> 0 | J26: =IF(I26<0,"ATENÇÃO","OK") -> OK | K26: 0 | L26: 0 | M26: 0 | N26: 0 | O26: 0 | P26: 0 | Q26: 0 | R26: 0 | S26: 0 | T26: 0 | U26: 0 | V26: 0
C27: 24 | D27: Legging sintético | E27: 339039-46 | F27: Pç | G27: 4 | I27: =H27-(SUM(K27:V27)) -> 0 | J27: =IF(I27<0,"ATENÇÃO","OK") -> OK | K27: 0 | L27: 0 | M27: 0 | N27: 0 | O27: 0 | P27: 0 | Q27: 0 | R27: 0 | S27: 0 | T27: 0 | U27: 0 | V27: 0
C28: 25 | D28: Macacão de algodão | E28: 339039-46 | F28: Pç | G28: 6 | I28: =H28-(SUM(K28:V28)) -> 0 | J28: =IF(I28<0,"ATENÇÃO","OK") -> OK | K28: 0 | L28: 0 | M28: 0 | N28: 0 | O28: 0 | P28: 0 | Q28: 0 | R28: 0 | S28: 0 | T28: 0 | U28: 0 | V28: 0
C29: 26 | D29: Manta tamanho até 2,2mX1,8m | E29: 339039-46 | F29: Pç | G29: 10 | I29: =H29-(SUM(K29:V29)) -> 0 | J29: =IF(I29<0,"ATENÇÃO","OK") -> OK | K29: 0 | L29: 0 | M29: 0 | N29: 0 | O29: 0 | P29: 0 | Q29: 0 | R29: 0 | S29: 0 | T29: 0 | U29: 0 | V29: 0
C30: 27 | D30: Meião | E30: 339039-46 | F30: Pç | G30: 1.6 | H30: 200 | I30: =H30-(SUM(K30:V30)) -> 200 | J30: =IF(I30<0,"ATENÇÃO","OK") -> OK | K30: 0 | L30: 0 | M30: 0 | N30: 0 | O30: 0 | P30: 0 | Q30: 0 | R30: 0 | S30: 0 | T30: 0 | U30: 0 | V30: 0
C31: 28 | D31: Paletó | E31: 339039-46 | F31: Pç | G31: 8 | I31: =H31-(SUM(K31:V31)) -> 0 | J31: =IF(I31<0,"ATENÇÃO","OK") -> OK | K31: 0 | L31: 0 | M31: 0 | N31: 0 | O31: 0 | P31: 0 | Q31: 0 | R31: 0 | S31: 0 | T31: 0 | U31: 0 | V31: 0
C32: 29 | D32: Saia curta / longa de algodão / de couro / jeans / sintética | E32: 339039-46 | F32: Pç | G32: 3 | I32: =H32-(SUM(K32:V32)) -> 0 | J32: =IF(I32<0,"ATENÇÃO","OK") -> OK | K32: 0 | L32: 0 | M32: 0 | N32: 0 | O32: 0 | P32: 0 | Q32: 0 | R32: 0 | S32: 0 | T32: 0 | U32: 0 | V32: 0
C33: 30 | D33: Samarra de microfibra | E33: 339039-46 | F33: Pç | G33: 7.5 | H33: 30 | I33: =H33-(SUM(K33:V33)) -> 30 | J33: =IF(I33<0,"ATENÇÃO","OK") -> OK | K33: 0 | L33: 0 | M33: 0 | N33: 0 | O33: 0 | P33: 0 | Q33: 0 | R33: 0 | S33: 0 | T33: 0 | U33: 0 | V33: 0
C34: 31 | D34: Tapete | E34: 339039-46 | F34: m² | G34: 17 | I34: =H34-(SUM(K34:V34)) -> 0 | J34: =IF(I34<0,"ATENÇÃO","OK") -> OK | K34: 0 | L34: 0 | M34: 0 | N34: 0 | O34: 0 | P34: 0 | Q34: 0 | R34: 0 | S34: 0 | T34: 0 | U34: 0 | V34: 0
C35: 32 | D35: Toalhas de mesa tamanhos diversos (até 15m²), de algodão / poliester / de renda / | E35: 339039-46 | F35: Kg | G35: 9 | H35: 40 | I35: =H35-(SUM(K35:V35)) -> 40 | J35: =IF(I35<0,"ATENÇÃO","OK") -> OK | K35: 0 | L35: 0 | M35: 0 | N35: 0 | O35: 0 | P35: 0 | Q35: 0 | R35: 0 | S35: 0 | T35: 0 | U35: 0 | V35: 0
C36: 33 | D36: Uniforme de Judô | E36: 339039-46 | F36: Pç | G36: 9 | I36: =H36-(SUM(K36:V36)) -> 0 | J36: =IF(I36<0,"ATENÇÃO","OK") -> OK | K36: 0 | L36: 0 | M36: 0 | N36: 0 | O36: 0 | P36: 0 | Q36: 0 | R36: 0 | S36: 0 | T36: 0 | U36: 0 | V36: 0
C37: 34 | D37: Vestido sintético | E37: 339039-46 | F37: Pç | G37: 5 | I37: =H37-(SUM(K37:V37)) -> 0 | J37: =IF(I37<0,"ATENÇÃO","OK") -> OK | K37: 0 | L37: 0 | M37: 0 | N37: 0 | O37: 0 | P37: 0 | Q37: 0 | R37: 0 | S37: 0 | T37: 0 | U37: 0 | V37: 0
C38: 35 | D38: Colete de brim (coletes utilizados na fiscalização de vestibulares e concursos) | E38: 339039-46 | F38: Pç | G38: 3.2 | H38: 100 | I38: =H38-(SUM(K38:V38)) -> 100 | J38: =IF(I38<0,"ATENÇÃO","OK") -> OK | K38: 0 | L38: 0 | M38: 0 | N38: 0 | O38: 0 | P38: 0 | Q38: 0 | R38: 0 | S38: 0 | T38: 0 | U38: 0 | V38: 0
C39: 36 | D39: Capara para instrumentos musicais | E39: 339039-46 | F39: kg | G39: 9 | I39: =H39-(SUM(K39:V39)) -> 0 | J39: =IF(I39<0,"ATENÇÃO","OK") -> OK | K39: 0 | L39: 0 | M39: 0 | N39: 0 | O39: 0 | P39: 0 | Q39: 0 | R39: 0 | S39: 0 | T39: 0 | U39: 0 | V39: 0
C40: 37 | D40: Manta para cobrir pianos | E40: 339039-46 | F40: kg | G40: 9 | I40: =H40-(SUM(K40:V40)) -> 0 | J40: =IF(I40<0,"ATENÇÃO","OK") -> OK | K40: 0 | L40: 0 | M40: 0 | N40: 0 | O40: 0 | P40: 0 | Q40: 0 | R40: 0 | S40: 0 | T40: 0 | U40: 0 | V40: 0
C41: 38 | D41: Tapete | E41: 339039-46 | F41: kg | G41: 9 | I41: =H41-(SUM(K41:V41)) -> 0 | J41: =IF(I41<0,"ATENÇÃO","OK") -> OK | K41: 0 | L41: 0 | M41: 0 | N41: 0 | O41: 0 | P41: 0 | Q41: 0 | R41: 0 | S41: 0 | T41: 0 | U41: 0 | V41: 0
C42: 39 | D42: Toalha de banho | E42: 339039-46 | F42: pç | G42: 2.6 | H42: 80 | I42: =H42-(SUM(K42:V42)) -> 80 | J42: =IF(I42<0,"ATENÇÃO","OK") -> OK | K42: 0 | L42: 0 | M42: 0 | N42: 0 | O42: 0 | P42: 0 | Q42: 0 | R42: 0 | S42: 0 | T42: 0 | U42: 0 | V42: 0
C43: 40 | D43: Toalha de rosto | E43: 339039-46 | F43: pç | G43: 1.6 | H43: 80 | I43: =H43-(SUM(K43:V43)) -> 80 | J43: =IF(I43<0,"ATENÇÃO","OK") -> OK | K43: 0 | L43: 0 | M43: 0 | N43: 0 | O43: 0 | P43: 0 | Q43: 0 | R43: 0 | S43: 0 | T43: 0 | U43: 0 | V43: 0
C44: 41 | D44: Fronha | E44: 339039-46 | F44: pç | G44: 1.5 | I44: =H44-(SUM(K44:V44)) -> 0 | J44: =IF(I44<0,"ATENÇÃO","OK") -> OK | K44: 0 | L44: 0 | M44: 0 | N44: 0 | O44: 0 | P44: 0 | Q44: 0 | R44: 0 | S44: 0 | T44: 0 | U44: 0 | V44: 0
C45: 42 | D45: Lençol (materiais diversos) | E45: 339039-46 | F45: pç | G45: 2.84 | I45: =H45-(SUM(K45:V45)) -> 0 | J45: =IF(I45<0,"ATENÇÃO","OK") -> OK | K45: 0 | L45: 0 | M45: 0 | N45: 0 | O45: 0 | P45: 0 | Q45: 0 | R45: 0 | S45: 0 | T45: 0 | U45: 0 | V45: 0
C46: 43 | D46: Jaleco (materiais diversos) | E46: 339039-46 | F46: pç | G46: 2.3 | I46: =H46-(SUM(K46:V46)) -> 0 | J46: =IF(I46<0,"ATENÇÃO","OK") -> OK | K46: 0 | L46: 0 | M46: 0 | N46: 0 | O46: 0 | P46: 0 | Q46: 0 | R46: 0 | S46: 0 | T46: 0 | U46: 0 | V46: 0
C47: 44 | D47: Capa de Microscópio | E47: 339039-46 | F47: pç | G47: 1.15 | I47: =H47-(SUM(K47:V47)) -> 0 | J47: =IF(I47<0,"ATENÇÃO","OK") -> OK | K47: 0 | L47: 0 | M47: 0 | N47: 0 | O47: 0 | P47: 0 | Q47: 0 | R47: 0 | S47: 0 | T47: 0 | U47: 0 | V47: 0
C48: 45 | D48: Persianas | E48: 339039-46 | F48: m² | G48: 7 | I48: =H48-(SUM(K48:V48)) -> 0 | J48: =IF(I48<0,"ATENÇÃO","OK") -> OK | K48: 0 | L48: 0 | M48: 0 | N48: 0 | O48: 0 | P48: 0 | Q48: 0 | R48: 0 | S48: 0 | T48: 0 | U48: 0 | V48: 0
D50: *Prazos de Entrega e de Pagamento conforme Termo de Referência do Edital

Sheet FAED
A1: PROCESSO: 1254/2014/UDESC | D1: OBJETO: SERVIÇOS DE LAVANDERIA PARA A UDESC | H1: VIGÊNCIA DA ATA: 05/11/2014 até 04/11/2015 | K1: AF/OS nº xxxx/2014 Qtde. DT | L1: AF/OS nº xxxx/2014 Qtde. DT | M1: AF/OS nº xxxx/2014 Qtde. DT | N1: AF/OS nº xxxx/2014 Qtde. DT | O1: AF/OS nº xxxx/2014 Qtde. DT | P1: AF/OS nº xxxx/2014 Qtde. DT | Q1: AF/OS nº xxxx/2014 Qtde. DT | R1: AF/OS nº xxxx/2014 Qtde. DT | S1: AF/OS nº xxxx/2014 Qtde. DT | T1: AF/OS nº xxxx/2014 Qtde. DT | U1: AF/OS nº xxxx/2014 Qtde. DT | V1: AF/OS nº xxxx/2014 Qtde. DT
A2: CENTRO PARTICIPANTE: FAED
A3: FORNECEDOR | B3: LOTE | C3: ITEM | D3: PRODUTO - CARACTERÍSTICAS MÍNIMAS | E3: ELEMENTO | F3: UNIDADE | G3: Preço UNITÁRIO (R$) | H3: Qtde LICITADA | I3: Saldo / Automático | J3: ALERTA | K3: ...../...../...... | L3: ...../...../...... | M3: ...../...../...... | N3: ...../...../...... | O3: ...../...../...... | P3: ...../...../...... | Q3: ...../...../...... | R3: ...../...../...... | S3: ...../...../...... | T3: ...../...../...... | U3: ...../...../...... | V3: ...../...../......
A4: Happy Clean Lounge e Lavanderia Self-Service Ltda - ME | B4: 1 | C4: 1 | D4: Agasalho sintético (tactel) | E4: 339039-46 | F4: Pç | G4: 5 | I4: =H4-(SUM(K4:V4)) -> 0 | J4: =IF(I4<0,"ATENÇÃO","OK") -> OK | K4: 0 | L4: 0 | M4: 0 | N4: 0 | O4: 0 | P4: 0 | Q4: 0 | R4: 0 | S4: 0 | T4: 0 | U4: 0 | V4: 0
C5: 2 | D5: Bandeira | E5: 339039-46 | F5: Pç | G5: 4 | H5: 3 | I5: =H5-(SUM(K5:V5)) -> 3 | J5: =IF(I5<0,"ATENÇÃO","OK") -> OK | K5: 0 | L5: 0 | M5: 0 | N5: 0 | O5: 0 | P5: 0 | Q5: 0 | R5: 0 | S5: 0 | T5: 0 | U5: 0 | V5: 0
C6: 3 | D6: Beca de microfibra | E6: 339039-46 | F6: Pç | G6: 9.5 | H6: 300 | I6: =H6-(SUM(K6:V6)) -> 300 | J6: =IF(I6<0,"ATENÇÃO","OK") -> OK | K6: 0 | L6: 0 | M6: 0 | N6: 0 | O6: 0 | P6: 0 | Q6: 0 | R6: 0 | S6: 0 | T6: 0 | U6: 0 | V6: 0
C7: 4 | D7: Bermuda sintética (camisas modalidades esportivas) | E7: 339039-46 | F7: Pç | G7: 3.5 | H7: 250 | I7: =H7-(SUM(K7:V7)) -> 250 | J7: =IF(I7<0,"ATENÇÃO","OK") -> OK | K7: 0 | L7: 0 | M7: 0 | N7: 0 | O7: 0 | P7: 0 | Q7: 0 | R7: 0 | S7: 0 | T7: 0 | U7: 0 | V7: 0
C8: 5 | D8: Blusa de algodão / lã | E8: 339039-46 | F8: Pç | G8: 6 | I8: =H8-(SUM(K8:V8)) -> 0 | J8: =IF(I8<0,"ATENÇÃO","OK") -> OK | K8: 0 | L8: 0 | M8: 0 | N8: 0 | O8: 0 | P8: 0 | Q8: 0 | R8: 0 | S8: 0 | T8: 0 | U8: 0 | V8: 0
C9: 6 | D9: Calça de algodão / lã | E9: 339039-46 | F9: Pç | G9: 4 | I9: =H9-(SUM(K9:V9)) -> 0 | J9: =IF(I9<0,"ATENÇÃO","OK") -> OK | K9: 0 | L9: 0 | M9: 0 | N9: 0 | O9: 0 | P9: 0 | Q9: 0 | R9: 0 | S9: 0 | T9: 0 | U9: 0 | V9: 0
C10: 7 | D10: Calça de goleiro e camisa de goleiro com espuma de proteção nos joelhos, cintura e cotovelos. | E10: 339039-46 | F10: Pç | G10: 4 | H10: 20 | I10: =H10-(SUM(K10:V10)) -> 20 | J10: =IF(I10<0,"ATENÇÃO","OK") -> OK | K10: 0 | L10: 0 | M10: 0 | N10: 0 | O10: 0 | P10: 0 | Q10: 0 | R10: 0 | S10: 0 | T10: 0 | U10: 0 | V10: 0
C11: 8 | D11: Calça sintética (tactel) | E11: 339039-46 | F11: Pç | G11: 4.2 | I11: =H11-(SUM(K11:V11)) -> 0 | J11: =IF(I11<0,"ATENÇÃO","OK") -> OK | K11: 0 | L11: 0 | M11: 0 | N11: 0 | O11: 0 | P11: 0 | Q11: 0 | R11: 0 | S11: 0 | T11: 0 | U11: 0 | V11: 0
C12: 9 | D12: Camisa de algodão | E12: 339039-46 | F12: Pç | G12: 4.2 | I12: =H12-(SUM(K12:V12)) -> 0 | J12: =IF(I12<0,"ATENÇÃO","OK") -> OK | K12: 0 | L12: 0 | M12: 0 | N12: 0 | O12: 0 | P12: 0 | Q12: 0 | R12: 0 | S12: 0 | T12: 0 | U12: 0 | V12: 0
C13: 10 | D13: Camiseta Polo | E13: 339039-46 | F13: Pç | G13: 3.5 | I13: =H13-(SUM(K13:V13)) -> 0 | J13: =IF(I13<0,"ATENÇÃO","OK") -> OK | K13: 0 | L13: 0 | M13: 0 | N13: 0 | O13: 0 | P13: 0 | Q13: 0 | R13: 0 | S13: 0 | T13: 0 | U13: 0 | V13: 0
C14: 11 | D14: Camiseta regata sintética (basquete) | E14: 339039-46 | F14: Pç | G14: 2.5 | H14: 50 | I14: =H14-(SUM(K14:V14)) -> 50 | J14: =IF(I14<0,"ATENÇÃO","OK") -> OK | K14: 0 | L14: 0 | M14: 0 | N14: 0 | O14: 0 | P14: 0 | Q14: 0 | R14: 0 | S14: 0 | T14: 0 | U14: 0 | V14: 0
C15: 12 | D15: Camiseta sintética (camisas modalidades esportivas) | E15: 339039-46 | F15: Pç | G15: 3.5 | H15: 200 | I15: =H15-(SUM(K15:V15)) -> 200 | J15: =IF(I15<0,"ATENÇÃO","OK") -> OK | K15: 0 | L15: 0 | M15: 0 | N15: 0 | O15: 0 | P15: 0 | Q15: 0 | R15: 0 | S15: 0 | T15: 0 | U15: 0 | V15: 0
C16: 13 | D16: Casaco de algodão | E16: 339039-46 | F16: Pç | G16: 6 | I16: =H16-(SUM(K16:V16)) -> 0 | J16: =IF(I16<0,"ATENÇÃO","OK") -> OK | K16: 0 | L16: 0 | M16: 0 | N16: 0 | O16: 0 | P16: 0 | Q16: 0 | R16: 0 | S16: 0 | T16: 0 | U16: 0 | V16: 0
C17: 14 | D17: Casaco de couro / Jeans / Sintético | E17: 339039-46 | F17: Pç | G17: 7 | I17: =H17-(SUM(K17:V17)) -> 0 | J17: =IF(I17<0,"ATENÇÃO","OK") -> OK | K17: 0 | L17: 0 | M17: 0 | N17: 0 | O17: 0 | P17: 0 | Q17: 0 | R17: 0 | S17: 0 | T17: 0 | U17: 0 | V17: 0
C18: 15 | D18: Chapéu | E18: 339039-46 | F18: Pç | G18: 4 | I18: =H18-(SUM(K18:V18)) -> 0 | J18: =IF(I18<0,"ATENÇÃO","OK") -> OK | K18: 0 | L18: 0 | M18: 0 | N18: 0 | O18: 0 | P18: 0 | Q18: 0 | R18: 0 | S18: 0 | T18: 0 | U18: 0 | V18: 0
C19: 16 | D19: Cinto sintético | E19: 339039-46 | F19: Pç | G19: 3.05 | I19: =H19-(SUM(K19:V19)) -> 0 | J19: =IF(I19<0,"ATENÇÃO","OK") -> OK | K19: 0 | L19: 0 | M19: 0 | N19: 0 | O19: 0 | P19: 0 | Q19: 0 | R19: 0 | S19: 0 | T19: 0 | U19: 0 | V19: 0
C20: 17 | D20: Colete sintético (babeiro) | E20: 339039-46 | F20: Pç | G20: 0.5 | I20: =H20-(SUM(K20:V20)) -> 0 | J20: =IF(I20<0,"ATENÇÃO","OK") -> OK | K20: 0 | L20: 0 | M20: 0 | N20: 0 | O20: 0 | P20: 0 | Q20: 0 | R20: 0 | S20: 0 | T20: 0 | U20: 0 | V20: 0
C21: 18 | D21: Cortina blackout / Cortina de algodão / Cortina de cetim e material sintético / Cortina de gorgurão / Cortina de veludo / Cortinas em algodão de 92 m² / Forro de cortina / Voil de cortina | E21: 339039-46 | F21: Kg | G21: 9 | H21: 300 | I21: =H21-(SUM(K21:V21)) -> 300 | J21: =IF(I21<0,"ATENÇÃO","OK") -> OK | K21: 0 | L21: 0 | M21: 0 | N21: 0 | O21: 0 | P21: 0 | Q21: 0 | R21: 0 | S21: 0 | T21: 0 | U21: 0 | V21: 0
C22: 19 | D22: Faixa de cetim | E22: 339039-46 | F22: Pç | G22: 2 | H22: 100 | I22: =H22-(SUM(K22:V22)) -> 100 | J22: =IF(I22<0,"ATENÇÃO","OK") -> OK | K22: 0 | L22: 0 | M22: 0 | N22: 0 | O22: 0 | P22: 0 | Q22: 0 | R22: 0 | S22: 0 | T22: 0 | U22: 0 | V22: 0
C23: 20 | D23: Fantasia infantil | E23: 339039-46 | F23: Pç | G23: 5 | I23: =H23-(SUM(K23:V23)) -> 0 | J23: =IF(I23<0,"ATENÇÃO","OK") -> OK | K23: 0 | L23: 0 | M23: 0 | N23: 0 | O23: 0 | P23: 0 | Q23: 0 | R23: 0 | S23: 0 | T23: 0 | U23: 0 | V23: 0
C24: 21 | D24: Gravata (materiais diversos) | E24: 339039-46 | F24: Pç | G24: 3 | I24: =H24-(SUM(K24:V24)) -> 0 | J24: =IF(I24<0,"ATENÇÃO","OK") -> OK | K24: 0 | L24: 0 | M24: 0 | N24: 0 | O24: 0 | P24: 0 | Q24: 0 | R24: 0 | S24: 0 | T24: 0 | U24: 0 | V24: 0
C25: 22 | D25: Jabô de renda / de algodão com aplicação em renda | E25: 339039-46 | F25: Pç | G25: 3.5 | H25: 100 | I25: =H25-(SUM(K25:V25)) -> 100 | J25: =IF(I25<0,"ATENÇÃO","OK") -> OK | K25: 0 | L25: 0 | M25: 0 | N25: 0 | O25: 0 | P25: 0 | Q25: 0 | R25: 0 | S25: 0 | T25: 0 | U25: 0 | V25: 0
C26: 23 | D26: Jaqueta de lã | E26: 339039-46 | F26: Pç | G26: 6 | I26: =H26-(SUM(K26:V26)) -> 0 | J26: =IF(I26<0,"ATENÇÃO","OK") -> OK | K26: 0 | L26: 0 | M26: 0 | N26: 0 | O26: 0 | P26: 0 | Q26: 0 | R26: 0 | S26: 0 | T26: 0 | U26: 0 | V26: 0
C27: 24 | D27: Legging sintético | E27: 339039-46 | F27: Pç | G27: 4 | I27: =H27-(SUM(K27:V27)) -> 0 | J27: =IF(I27<0,"ATENÇÃO","OK") -> OK | K27: 0 | L27: 0 | M27: 0 | N27: 0 | O27: 0 | P27: 0 | Q27: 0 | R27: 0 | S27: 0 | T27: 0 | U27: 0 | V27: 0
C28: 25 | D28: Macacão de algodão | E28: 339039-46 | F28: Pç | G28: 6 | I28: =H28-(SUM(K28:V28)) -> 0 | J28: =IF(I28<0,"ATENÇÃO","OK") -> OK | K28: 0 | L28: 0 | M28: 0 | N28: 0 | O28: 0 | P28: 0 | Q28: 0 | R28: 0 | S28: 0 | T28: 0 | U28: 0 | V28: 0
C29: 26 | D29: Manta tamanho até 2,2mX1,8m | E29: 339039-46 | F29: Pç | G29: 10 | I29: =H29-(SUM(K29:V29)) -> 0 | J29: =IF(I29<0,"ATENÇÃO","OK") -> OK | K29: 0 | L29: 0 | M29: 0 | N29: 0 | O29: 0 | P29: 0 | Q29: 0 | R29: 0 | S29: 0 | T29: 0 | U29: 0 | V29: 0
C30: 27 | D30: Meião | E30: 339039-46 | F30: Pç | G30: 1.6 | H30: 260 | I30: =H30-(SUM(K30:V30)) -> 260 | J30: =IF(I30<0,"ATENÇÃO","OK") -> OK | K30: 0 | L30: 0 | M30: 0 | N30: 0 | O30: 0 | P30: 0 | Q30: 0 | R30: 0 | S30: 0 | T30: 0 | U30: 0 | V30: 0
C31: 28 | D31: Paletó | E31: 339039-46 | F31: Pç | G31: 8 | I31: =H31-(SUM(K31:V31)) -> 0 | J31: =IF(I31<0,"ATENÇÃO","OK") -> OK | K31: 0 | L31: 0 | M31: 0 | N31: 0 | O31: 0 | P31: 0 | Q31: 0 | R31: 0 | S31: 0 | T31: 0 | U31: 0 | V31: 0
C32: 29 | D32: Saia curta / longa de algodão / de couro / jeans / sintética | E32: 339039-46 | F32: Pç | G32: 3 | I32: =H32-(SUM(K32:V32)) -> 0 | J32: =IF(I32<0,"ATENÇÃO","OK") -> OK | K32: 0 | L32: 0 | M32: 0 | N32: 0 | O32: 0 | P32: 0 | Q32: 0 | R32: 0 | S32: 0 | T32: 0 | U32: 0 | V32: 0
C33: 30 | D33: Samarra de microfibra | E33: 339039-46 | F33: Pç | G33: 7.5 | I33: =H33-(SUM(K33:V33)) -> 0 | J33: =IF(I33<0,"ATENÇÃO","OK") -> OK | K33: 0 | L33: 0 | M33: 0 | N33: 0 | O33: 0 | P33: 0 | Q33: 0 | R33: 0 | S33: 0 | T33: 0 | U33: 0 | V33: 0
C34: 31 | D34: Tapete | E34: 339039-46 | F34: m² | G34: 17 | I34: =H34-(SUM(K34:V34)) -> 0 | J34: =IF(I34<0,"ATENÇÃO","OK") -> OK | K34: 0 | L34: 0 | M34: 0 | N34: 0 | O34: 0 | P34: 0 | Q34: 0 | R34: 0 | S34: 0 | T34: 0 | U34: 0 | V34: 0
C35: 32 | D35: Toalhas de mesa tamanhos diversos (até 15m²), de algodão / poliester / de renda / | E35: 339039-46 | F35: Kg | G35: 9 | H35: 50 | I35: =H35-(SUM(K35:V35)) -> 50 | J35: =IF(I35<0,"ATENÇÃO","OK") -> OK | K35: 0 | L35: 0 | M35: 0 | N35: 0 | O35: 0 | P35: 0 | Q35: 0 | R35: 0 | S35: 0 | T35: 0 | U35: 0 | V35: 0
C36: 33 | D36: Uniforme de Judô | E36: 339039-46 | F36: Pç | G36: 9 | I36: =H36-(SUM(K36:V36)) -> 0 | J36: =IF(I36<0,"ATENÇÃO","OK") -> OK | K36: 0 | L36: 0 | M36: 0 | N36: 0 | O36: 0 | P36: 0 | Q36: 0 | R36: 0 | S36: 0 | T36: 0 | U36: 0 | V36: 0
C37: 34 | D37: Vestido sintético | E37: 339039-46 | F37: Pç | G37: 5 | I37: =H37-(SUM(K37:V37)) -> 0 | J37: =IF(I37<0,"ATENÇÃO","OK") -> OK | K37: 0 | L37: 0 | M37: 0 | N37: 0 | O37: 0 | P37: 0 | Q37: 0 | R37: 0 | S37: 0 | T37: 0 | U37: 0 | V37: 0
C38: 35 | D38: Colete de brim (coletes utilizados na fiscalização de vestibulares e concursos) | E38: 339039-46 | F38: Pç | G38: 3.2 | I38: =H38-(SUM(K38:V38)) -> 0 | J38: =IF(I38<0,"ATENÇÃO","OK") -> OK | K38: 0 | L38: 0 | M38: 0 | N38: 0 | O38: 0 | P38: 0 | Q38: 0 | R38: 0 | S38: 0 | T38: 0 | U38: 0 | V38: 0
C39: 36 | D39: Capara para instrumentos musicais | E39: 339039-46 | F39: kg | G39: 9 | I39: =H39-(SUM(K39:V39)) -> 0 | J39: =IF(I39<0,"ATENÇÃO","OK") -> OK | K39: 0 | L39: 0 | M39: 0 | N39: 0 | O39: 0 | P39: 0 | Q39: 0 | R39: 0 | S39: 0 | T39: 0 | U39: 0 | V39: 0
C40: 37 | D40: Manta para cobrir pianos | E40: 339039-46 | F40: kg | G40: 9 | I40: =H40-(SUM(K40:V40)) -> 0 | J40: =IF(I40<0,"ATENÇÃO","OK") -> OK | K40: 0 | L40: 0 | M40: 0 | N40: 0 | O40: 0 | P40: 0 | Q40: 0 | R40: 0 | S40: 0 | T40: 0 | U40: 0 | V40: 0
C41: 38 | D41: Tapete | E41: 339039-46 | F41: kg | G41: 9 | I41: =H41-(SUM(K41:V41)) -> 0 | J41: =IF(I41<0,"ATENÇÃO","OK") -> OK | K41: 0 | L41: 0 | M41: 0 | N41: 0 | O41: 0 | P41: 0 | Q41: 0 | R41: 0 | S41: 0 | T41: 0 | U41: 0 | V41: 0
C42: 39 | D42: Toalha de banho | E42: 339039-46 | F42: pç | G42: 2.6 | I42: =H42-(SUM(K42:V42)) -> 0 | J42: =IF(I42<0,"ATENÇÃO","OK") -> OK | K42: 0 | L42: 0 | M42: 0 | N42: 0 | O42: 0 | P42: 0 | Q42: 0 | R42: 0 | S42: 0 | T42: 0 | U42: 0 | V42: 0
C43: 40 | D43: Toalha de rosto | E43: 339039-46 | F43: pç | G43: 1.6 | I43: =H43-(SUM(K43:V43)) -> 0 | J43: =IF(I43<0,"ATENÇÃO","OK") -> OK | K43: 0 | L43: 0 | M43: 0 | N43: 0 | O43: 0 | P43: 0 | Q43: 0 | R43: 0 | S43: 0 | T43: 0 | U43: 0 | V43: 0
C44: 41 | D44: Fronha | E44: 339039-46 | F44: pç | G44: 1.5 | I44: =H44-(SUM(K44:V44)) -> 0 | J44: =IF(I44<0,"ATENÇÃO","OK") -> OK | K44: 0 | L44: 0 | M44: 0 | N44: 0 | O44: 0 | P44: 0 | Q44: 0 | R44: 0 | S44: 0 | T44: 0 | U44: 0 | V44: 0
C45: 42 | D45: Lençol (materiais diversos) | E45: 339039-46 | F45: pç | G45: 2.84 | I45: =H45-(SUM(K45:V45)) -> 0 | J45: =IF(I45<0,"ATENÇÃO","OK") -> OK | K45: 0 | L45: 0 | M45: 0 | N45: 0 | O45: 0 | P45: 0 | Q45: 0 | R45: 0 | S45: 0 | T45: 0 | U45: 0 | V45: 0
C46: 43 | D46: Jaleco (materiais diversos) | E46: 339039-46 | F46: pç | G46: 2.3 | I46: =H46-(SUM(K46:V46)) -> 0 | J46: =IF(I46<0,"ATENÇÃO","OK") -> OK | K46: 0 | L46: 0 | M46: 0 | N46: 0 | O46: 0 | P46: 0 | Q46: 0 | R46: 0 | S46: 0 | T46: 0 | U46: 0 | V46: 0
C47: 44 | D47: Capa de Microscópio | E47: 339039-46 | F47: pç | G47: 1.15 | I47: =H47-(SUM(K47:V47)) -> 0 | J47: =IF(I47<0,"ATENÇÃO","OK") -> OK | K47: 0 | L47: 0 | M47: 0 | N47: 0 | O47: 0 | P47: 0 | Q47: 0 | R47: 0 | S47: 0 | T47: 0 | U47: 0 | V47: 0
C48: 45 | D48: Persianas | E48: 339039-46 | F48: m² | G48: 7 | I48: =H48-(SUM(K48:V48)) -> 0 | J48: =IF(I48<0,"ATENÇÃO","OK") -> OK | K48: 0 | L48: 0 | M48: 0 | N48: 0 | O48: 0 | P48: 0 | Q48: 0 | R48: 0 | S48: 0 | T48: 0 | U48: 0 | V48: 0
D50: *Prazos de Entrega e de Pagamento conforme Termo de Referência do Edital

Sheet CERES
A1: PROCESSO: 1254/2014/UDESC | D1: OBJETO: SERVIÇOS DE LAVANDERIA PARA A UDESC | H1: VIGÊNCIA DA ATA: 05/11/2014 até 04/11/2015 | K1: AF/OS nº xxxx/2014 Qtde. DT | L1: AF/OS nº xxxx/2014 Qtde. DT | M1: AF/OS nº xxxx/2014 Qtde. DT | N1: AF/OS nº xxxx/2014 Qtde. DT | O1: AF/OS nº xxxx/2014 Qtde. DT | P1: AF/OS nº xxxx/2014 Qtde. DT | Q1: AF/OS nº xxxx/2014 Qtde. DT | R1: AF/OS nº xxxx/2014 Qtde. DT | S1: AF/OS nº xxxx/2014 Qtde. DT | T1: AF/OS nº xxxx/2014 Qtde. DT | U1: AF/OS nº xxxx/2014 Qtde. DT | V1: AF/OS nº xxxx/2014 Qtde. DT
A2: CENTRO PARTICIPANTE: CERES
A3: FORNECEDOR | B3: LOTE | C3: ITEM | D3: PRODUTO - CARACTERÍSTICAS MÍNIMAS | E3: ELEMENTO | F3: UNIDADE | G3: Preço UNITÁRIO (R$) | H3: Qtde LICITADA | I3: Saldo / Automático | J3: ALERTA | K3: ...../...../...... | L3: ...../...../...... | M3: ...../...../...... | N3: ...../...../...... | O3: ...../...../...... | P3: ...../...../...... | Q3: ...../...../...... | R3: ...../...../...... | S3: ...../...../...... | T3: ...../...../...... | U3: ...../...../...... | V3: ...../...../......
A4: Happy Clean Lounge e Lavanderia Self-Service Ltda - ME | B4: 1 | C4: 1 | D4: Agasalho sintético (tactel) | E4: 339039-46 | F4: Pç | G4: 5 | H4: 100 | I4: =H4-(SUM(K4:V4)) -> 100 | J4: =IF(I4<0,"ATENÇÃO","OK") -> OK | K4: 0 | L4: 0 | M4: 0 | N4: 0 | O4: 0 | P4: 0 | Q4: 0 | R4: 0 | S4: 0 | T4: 0 | U4: 0 | V4: 0
C5: 2 | D5: Bandeira | E5: 339039-46 | F5: Pç | G5: 4 | H5: 10 | I5: =H5-(SUM(K5:V5)) -> 10 | J5: =IF(I5<0,"ATENÇÃO","OK") -> OK | K5: 0 | L5: 0 | M5: 0 | N5: 0 | O5: 0 | P5: 0 | Q5: 0 | R5: 0 | S5: 0 | T5: 0 | U5: 0 | V5: 0
C6: 3 | D6: Beca de microfibra | E6: 339039-46 | F6: Pç | G6: 9.5 | H6: 200 | I6: =H6-(SUM(K6:V6)) -> 200 | J6: =IF(I6<0,"ATENÇÃO","OK") -> OK | K6: 0 | L6: 0 | M6: 0 | N6: 0 | O6: 0 | P6: 0 | Q6: 0 | R6: 0 | S6: 0 | T6: 0 | U6: 0 | V6: 0
C7: 4 | D7: Bermuda sintética (camisas modalidades esportivas) | E7: 339039-46 | F7: Pç | G7: 3.5 | H7: 200 | I7: =H7-(SUM(K7:V7)) -> 200 | J7: =IF(I7<0,"ATENÇÃO","OK") -> OK | K7: 0 | L7: 0 | M7: 0 | N7: 0 | O7: 0 | P7: 0 | Q7: 0 | R7: 0 | S7: 0 | T7: 0 | U7: 0 | V7: 0
C8: 5 | D8: Blusa de algodão / lã | E8: 339039-46 | F8: Pç | G8: 6 | I8: =H8-(SUM(K8:V8)) -> 0 | J8: =IF(I8<0,"ATENÇÃO","OK") -> OK | K8: 0 | L8: 0 | M8: 0 | N8: 0 | O8: 0 | P8: 0 | Q8: 0 | R8: 0 | S8: 0 | T8: 0 | U8: 0 | V8: 0
C9: 6 | D9: Calça de algodão / lã | E9: 339039-46 | F9: Pç | G9: 4 | I9: =H9-(SUM(K9:V9)) -> 0 | J9: =IF(I9<0,"ATENÇÃO","OK") -> OK | K9: 0 | L9: 0 | M9: 0 | N9: 0 | O9: 0 | P9: 0 | Q9: 0 | R9: 0 | S9: 0 | T9: 0 | U9: 0 | V9: 0
C10: 7 | D10: Calça de goleiro e camisa de goleiro com espuma de proteção nos joelhos, cintura e cotovelos. | E10: 339039-46 | F10: Pç | G10: 4 | H10: 10 | I10: =H10-(SUM(K10:V10)) -> 10 | J10: =IF(I10<0,"ATENÇÃO","OK") -> OK | K10: 0 | L10: 0 | M10: 0 | N10: 0 | O10: 0 | P10: 0 | Q10: 0 | R10: 0 | S10: 0 | T10: 0 | U10: 0 | V10: 0
C11: 8 | D11: Calça sintética (tactel) | E11: 339039-46 | F11: Pç | G11: 4.2 | I11: =H11-(SUM(K11:V11)) -> 0 | J11: =IF(I11<0,"ATENÇÃO","OK") -> OK | K11: 0 | L11: 0 | M11: 0 | N11: 0 | O11: 0 | P11: 0 | Q11: 0 | R11: 0 | S11: 0 | T11: 0 | U11: 0 | V11: 0
C12: 9 | D12: Camisa de algodão | E12: 339039-46 | F12: Pç | G12: 4.2 | I12: =H12-(SUM(K12:V12)) -> 0 | J12: =IF(I12<0,"ATENÇÃO","OK") -> OK | K12: 0 | L12: 0 | M12: 0 | N12: 0 | O12: 0 | P12: 0 | Q12: 0 | R12: 0 | S12: 0 | T12: 0 | U12: 0 | V12: 0
C13: 10 | D13: Camiseta Polo | E13: 339039-46 | F13: Pç | G13: 3.5 | I13: =H13-(SUM(K13:V13)) -> 0 | J13: =IF(I13<0,"ATENÇÃO","OK") -> OK | K13: 0 | L13: 0 | M13: 0 | N13: 0 | O13: 0 | P13: 0 | Q13: 0 | R13: 0 | S13: 0 | T13: 0 | U13: 0 | V13: 0
C14: 11 | D14: Camiseta regata sintética (basquete) | E14: 339039-46 | F14: Pç | G14: 2.5 | I14: =H14-(SUM(K14:V14)) -> 0 | J14: =IF(I14<0,"ATENÇÃO","OK") -> OK | K14: 0 | L14: 0 | M14: 0 | N14: 0 | O14: 0 | P14: 0 | Q14: 0 | R14: 0 | S14: 0 | T14: 0 | U14: 0 | V14: 0
C15: 12 | D15: Camiseta sintética (camisas modalidades esportivas) | E15: 339039-46 | F15: Pç | G15: 3.5 | H15: 200 | I15: =H15-(SUM(K15:V15)) -> 200 | J15: =IF(I15<0,"ATENÇÃO","OK") -> OK | K15: 0 | L15: 0 | M15: 0 | N15: 0 | O15: 0 | P15: 0 | Q15: 0 | R15: 0 | S15: 0 | T15: 0 | U15: 0 | V15: 0
C16: 13 | D16: Casaco de algodão | E16: 339039-46 | F16: Pç | G16: 6 | I16: =H16-(SUM(K16:V16)) -> 0 | J16: =IF(I16<0,"ATENÇÃO","OK") -> OK | K16: 0 | L16: 0 | M16: 0 | N16: 0 | O16: 0 | P16: 0 | Q16: 0 | R16: 0 | S16: 0 | T16: 0 | U16: 0 | V16: 0
C17: 14 | D17: Casaco de couro / Jeans / Sintético | E17: 339039-46 | F17: Pç | G17: 7 | I17: =H17-(SUM(K17:V17)) -> 0 | J17: =IF(I17<0,"ATENÇÃO","OK") -> OK | K17: 0 | L17: 0 | M17: 0 | N17: 0 | O17: 0 | P17: 0 | Q17: 0 | R17: 0 | S17: 0 | T17: 0 | U17: 0 | V17: 0
C18: 15 | D18: Chapéu | E18: 339039-46 | F18: Pç | G18: 4 | I18: =H18-(SUM(K18:V18)) -> 0 | J18: =IF(I18<0,"ATENÇÃO","OK") -> OK | K18: 0 | L18: 0 | M18: 0 | N18: 0 | O18: 0 | P18: 0 | Q18: 0 | R18: 0 | S18: 0 | T18: 0 | U18: 0 | V18: 0
C19: 16 | D19: Cinto sintético | E19: 339039-46 | F19: Pç | G19: 3.05 | I19: =H19-(SUM(K19:V19)) -> 0 | J19: =IF(I19<0,"ATENÇÃO","OK") -> OK | K19: 0 | L19: 0 | M19: 0 | N19: 0 | O19: 0 | P19: 0 | Q19: 0 | R19: 0 | S19: 0 | T19: 0 | U19: 0 | V19: 0
C20: 17 | D20: Colete sintético (babeiro) | E20: 339039-46 | F20: Pç | G20: 0.5 | H20: 100 | I20: =H20-(SUM(K20:V20)) -> 100 | J20: =IF(I20<0,"ATENÇÃO","OK") -> OK | K20: 0 | L20: 0 | M20: 0 | N20: 0 | O20: 0 | P20: 0 | Q20: 0 | R20: 0 | S20: 0 | T20: 0 | U20: 0 | V20: 0
C21: 18 | D21: Cortina blackout / Cortina de algodão / Cortina de cetim e material sintético / Cortina de gorgurão / Cortina de veludo / Cortinas em algodão de 92 m² / Forro de cortina / Voil de cortina | E21: 339039-46 | F21: Kg | G21: 9 | I21: =H21-(SUM(K21:V21)) -> 0 | J21: =IF(I21<0,"ATENÇÃO","OK") -> OK | K21: 0 | L21: 0 | M21: 0 | N21: 0 | O21: 0 | P21: 0 | Q21: 0 | R21: 0 | S21: 0 | T21: 0 | U21: 0 | V21: 0
C22: 19 | D22: Faixa de cetim | E22: 339039-46 | F22: Pç | G22: 2 | H22: 200 | I22: =H22-(SUM(K22:V22)) -> 200 | J22: =IF(I22<0,"ATENÇÃO","OK") -> OK | K22: 0 | L22: 0 | M22: 0 | N22: 0 | O22: 0 | P22: 0 | Q22: 0 | R22: 0 | S22: 0 | T22: 0 | U22: 0 | V22: 0
C23: 20 | D23: Fantasia infantil | E23: 339039-46 | F23: Pç | G23: 5 | I23: =H23-(SUM(K23:V23)) -> 0 | J23: =IF(I23<0,"ATENÇÃO","OK") -> OK | K23: 0 | L23: 0 | M23: 0 | N23: 0 | O23: 0 | P23: 0 | Q23: 0 | R23: 0 | S23: 0 | T23: 0 | U23: 0 | V23: 0
C24: 21 | D24: Gravata (materiais diversos) | E24: 339039-46 | F24: Pç | G24: 3 | I24: =H24-(SUM(K24:V24)) -> 0 | J24: =IF(I24<0,"ATENÇÃO","OK") -> OK | K24: 0 | L24: 0 | M24: 0 | N24: 0 | O24: 0 | P24: 0 | Q24: 0 | R24: 0 | S24: 0 | T24: 0 | U24: 0 | V24: 0
C25: 22 | D25: Jabô de renda / de algodão com aplicação em renda | E25: 339039-46 | F25: Pç | G25: 3.5 | H25: 200 | I25: =H25-(SUM(K25:V25)) -> 200 | J25: =IF(I25<0,"ATENÇÃO","OK") -> OK | K25: 0 | L25: 0 | M25: 0 | N25: 0 | O25: 0 | P25: 0 | Q25: 0 | R25: 0 | S25: 0 | T25: 0 | U25: 0 | V25: 0
C26: 23 | D26: Jaqueta de lã | E26: 339039-46 | F26: Pç | G26: 6 | I26: =H26-(SUM(K26:V26)) -> 0 | J26: =IF(I26<0,"ATENÇÃO","OK") -> OK | K26: 0 | L26: 0 | M26: 0 | N26: 0 | O26: 0 | P26: 0 | Q26: 0 | R26: 0 | S26: 0 | T26: 0 | U26: 0 | V26: 0
C27: 24 | D27: Legging sintético | E27: 339039-46 | F27: Pç | G27: 4 | I27: =H27-(SUM(K27:V27)) -> 0 | J27: =IF(I27<0,"ATENÇÃO","OK") -> OK | K27: 0 | L27: 0 | M27: 0 | N27: 0 | O27: 0 | P27: 0 | Q27: 0 | R27: 0 | S27: 0 | T27: 0 | U27: 0 | V27: 0
C28: 25 | D28: Macacão de algodão | E28: 339039-46 | F28: Pç | G28: 6 | I28: =H28-(SUM(K28:V28)) -> 0 | J28: =IF(I28<0,"ATENÇÃO","OK") -> OK | K28: 0 | L28: 0 | M28: 0 | N28: 0 | O28: 0 | P28: 0 | Q28: 0 | R28: 0 | S28: 0 | T28: 0 | U28: 0 | V28: 0
C29: 26 | D29: Manta tamanho até 2,2mX1,8m | E29: 339039-46 | F29: Pç | G29: 10 | I29: =H29-(SUM(K29:V29)) -> 0 | J29: =IF(I29<0,"ATENÇÃO","OK") -> OK | K29: 0 | L29: 0 | M29: 0 | N29: 0 | O29: 0 | P29: 0 | Q29: 0 | R29: 0 | S29: 0 | T29: 0 | U29: 0 | V29: 0
C30: 27 | D30: Meião | E30: 339039-46 | F30: Pç | G30: 1.6 | H30: 100 | I30: =H30-(SUM(K30:V30)) -> 100 | J30: =IF(I30<0,"ATENÇÃO","OK") -> OK | K30: 0 | L30: 0 | M30: 0 | N30: 0 | O30: 0 | P30: 0 | Q30: 0 | R30: 0 | S30: 0 | T30: 0 | U30: 0 | V30: 0
C31: 28 | D31: Paletó | E31: 339039-46 | F31: Pç | G31: 8 | I31: =H31-(SUM(K31:V31)) -> 0 | J31: =IF(I31<0,"ATENÇÃO","OK") -> OK | K31: 0 | L31: 0 | M31: 0 | N31: 0 | O31: 0 | P31: 0 | Q31: 0 | R31: 0 | S31: 0 | T31: 0 | U31: 0 | V31: 0
C32: 29 | D32: Saia curta / longa de algodão / de couro / jeans / sintética | E32: 339039-46 | F32: Pç | G32: 3 | I32: =H32-(SUM(K32:V32)) -> 0 | J32: =IF(I32<0,"ATENÇÃO","OK") -> OK | K32: 0 | L32: 0 | M32: 0 | N32: 0 | O32: 0 | P32: 0 | Q32: 0 | R32: 0 | S32: 0 | T32: 0 | U32: 0 | V32: 0
C33: 30 | D33: Samarra de microfibra | E33: 339039-46 | F33: Pç | G33: 7.5 | H33: 30 | I33: =H33-(SUM(K33:V33)) -> 30 | J33: =IF(I33<0,"ATENÇÃO","OK") -> OK | K33: 0 | L33: 0 | M33: 0 | N33: 0 | O33: 0 | P33: 0 | Q33: 0 | R33: 0 | S33: 0 | T33: 0 | U33: 0 | V33: 0
C34: 31 | D34: Tapete | E34: 339039-46 | F34: m² | G34: 17 | I34: =H34-(SUM(K34:V34)) -> 0 | J34: =IF(I34<0,"ATENÇÃO","OK") -> OK | K34: 0 | L34: 0 | M34: 0 | N34: 0 | O34: 0 | P34: 0 | Q34: 0 | R34: 0 | S34: 0 | T34: 0 | U34: 0 | V34: 0
C35: 32 | D35: Toalhas de mesa tamanhos diversos (até 15m²), de algodão / poliester / de renda / | E35: 339039-46 | F35: Kg | G35: 9 | H35: 10 | I35: =H35-(SUM(K35:V35)) -> 10 | J35: =IF(I35<0,"ATENÇÃO","OK") -> OK | K35: 0 | L35: 0 | M35: 0 | N35: 0 | O35: 0 | P35: 0 | Q35: 0 | R35: 0 | S35: 0 | T35: 0 | U35: 0 | V35: 0
C36: 33 | D36: Uniforme de Judô | E36: 339039-46 | F36: Pç | G36: 9 | H36: 30 | I36: =H36-(SUM(K36:V36)) -> 30 | J36: =IF(I36<0,"ATENÇÃO","OK") -> OK | K36: 0 | L36: 0 | M36: 0 | N36: 0 | O36: 0 | P36: 0 | Q36: 0 | R36: 0 | S36: 0 | T36: 0 | U36: 0 | V36: 0
C37: 34 | D37: Vestido sintético | E37: 339039-46 | F37: Pç | G37: 5 | I37: =H37-(SUM(K37:V37)) -> 0 | J37: =IF(I37<0,"ATENÇÃO","OK") -> OK | K37: 0 | L37: 0 | M37: 0 | N37: 0 | O37: 0 | P37: 0 | Q37: 0 | R37: 0 | S37: 0 | T37: 0 | U37: 0 | V37: 0
C38: 35 | D38: Colete de brim (coletes utilizados na fiscalização de vestibulares e concursos) | E38: 339039-46 | F38: Pç | G38: 3.2 | I38: =H38-(SUM(K38:V38)) -> 0 | J38: =IF(I38<0,"ATENÇÃO","OK") -> OK | K38: 0 | L38: 0 | M38: 0 | N38: 0 | O38: 0 | P38: 0 | Q38: 0 | R38: 0 | S38: 0 | T38: 0 | U38: 0 | V38: 0
C39: 36 | D39: Capara para instrumentos musicais | E39: 339039-46 | F39: kg | G39: 9 | I39: =H39-(SUM(K39:V39)) -> 0 | J39: =IF(I39<0,"ATENÇÃO","OK") -> OK | K39: 0 | L39: 0 | M39: 0 | N39: 0 | O39: 0 | P39: 0 | Q39: 0 | R39: 0 | S39: 0 | T39: 0 | U39: 0 | V39: 0
C40: 37 | D40: Manta para cobrir pianos | E40: 339039-46 | F40: kg | G40: 9 | I40: =H40-(SUM(K40:V40)) -> 0 | J40: =IF(I40<0,"ATENÇÃO","OK") -> OK | K40: 0 | L40: 0 | M40: 0 | N40: 0 | O40: 0 | P40: 0 | Q40: 0 | R40: 0 | S40: 0 | T40: 0 | U40: 0 | V40: 0
C41: 38 | D41: Tapete | E41: 339039-46 | F41: kg | G41: 9 | I41: =H41-(SUM(K41:V41)) -> 0 | J41: =IF(I41<0,"ATENÇÃO","OK") -> OK | K41: 0 | L41: 0 | M41: 0 | N41: 0 | O41: 0 | P41: 0 | Q41: 0 | R41: 0 | S41: 0 | T41: 0 | U41: 0 | V41: 0
C42: 39 | D42: Toalha de banho | E42: 339039-46 | F42: pç | G42: 2.6 | I42: =H42-(SUM(K42:V42)) -> 0 | J42: =IF(I42<0,"ATENÇÃO","OK") -> OK | K42: 0 | L42: 0 | M42: 0 | N42: 0 | O42: 0 | P42: 0 | Q42: 0 | R42: 0 | S42: 0 | T42: 0 | U42: 0 | V42: 0
C43: 40 | D43: Toalha de rosto | E43: 339039-46 | F43: pç | G43: 1.6 | I43: =H43-(SUM(K43:V43)) -> 0 | J43: =IF(I43<0,"ATENÇÃO","OK") -> OK | K43: 0 | L43: 0 | M43: 0 | N43: 0 | O43: 0 | P43: 0 | Q43: 0 | R43: 0 | S43: 0 | T43: 0 | U43: 0 | V43: 0
C44: 41 | D44: Fronha | E44: 339039-46 | F44: pç | G44: 1.5 | I44: =H44-(SUM(K44:V44)) -> 0 | J44: =IF(I44<0,"ATENÇÃO","OK") -> OK | K44: 0 | L44: 0 | M44: 0 | N44: 0 | O44: 0 | P44: 0 | Q44: 0 | R44: 0 | S44: 0 | T44: 0 | U44: 0 | V44: 0
C45: 42 | D45: Lençol (materiais diversos) | E45: 339039-46 | F45: pç | G45: 2.84 | I45: =H45-(SUM(K45:V45)) -> 0 | J45: =IF(I45<0,"ATENÇÃO","OK") -> OK | K45: 0 | L45: 0 | M45: 0 | N45: 0 | O45: 0 | P45: 0 | Q45: 0 | R45: 0 | S45: 0 | T45: 0 | U45: 0 | V45: 0
C46: 43 | D46: Jaleco (materiais diversos) | E46: 339039-46 | F46: pç | G46: 2.3 | I46: =H46-(SUM(K46:V46)) -> 0 | J46: =IF(I46<0,"ATENÇÃO","OK") -> OK | K46: 0 | L46: 0 | M46: 0 | N46: 0 | O46: 0 | P46: 0 | Q46: 0 | R46: 0 | S46: 0 | T46: 0 | U46: 0 | V46: 0
C47: 44 | D47: Capa de Microscópio | E47: 339039-46 | F47: pç | G47: 1.15 | I47: =H47-(SUM(K47:V47)) -> 0 | J47: =IF(I47<0,"ATENÇÃO","OK") -> OK | K47: 0 | L47: 0 | M47: 0 | N47: 0 | O47: 0 | P47: 0 | Q47: 0 | R47: 0 | S47: 0 | T47: 0 | U47: 0 | V47: 0
C48: 45 | D48: Persianas | E48: 339039-46 | F48: m² | G48: 7 | I48: =H48-(SUM(K48:V48)) -> 0 | J48: =IF(I48<0,"ATENÇÃO","OK") -> OK | K48: 0 | L48: 0 | M48: 0 | N48: 0 | O48: 0 | P48: 0 | Q48: 0 | R48: 0 | S48: 0 | T48: 0 | U48: 0 | V48: 0
D50: *Prazos de Entrega e de Pagamento conforme Termo de Referência do Edital

Sheet ESAG
A1: PROCESSO: 1254/2014/UDESC | D1: OBJETO: SERVIÇOS DE LAVANDERIA PARA A UDESC | H1: VIGÊNCIA DA ATA: 05/11/2014 até 04/11/2015 | K1: AF/OS nº xxxx/2014 Qtde. DT | L1: AF/OS nº xxxx/2014 Qtde. DT | M1: AF/OS nº xxxx/2014 Qtde. DT | N1: AF/OS nº xxxx/2014 Qtde. DT | O1: AF/OS nº xxxx/2014 Qtde. DT | P1: AF/OS nº xxxx/2014 Qtde. DT | Q1: AF/OS nº xxxx/2014 Qtde. DT | R1: AF/OS nº xxxx/2014 Qtde. DT | S1: AF/OS nº xxxx/2014 Qtde. DT | T1: AF/OS nº xxxx/2014 Qtde. DT | U1: AF/OS nº xxxx/2014 Qtde. DT | V1: AF/OS nº xxxx/2014 Qtde. DT
A2: CENTRO PARTICIPANTE: ESAG
A3: FORNECEDOR | B3: LOTE | C3: ITEM | D3: PRODUTO - CARACTERÍSTICAS MÍNIMAS | E3: ELEMENTO | F3: UNIDADE | G3: Preço UNITÁRIO (R$) | H3: Qtde LICITADA | I3: Saldo / Automático | J3: ALERTA | K3: ...../...../...... | L3: ...../...../...... | M3: ...../...../...... | N3: ...../...../...... | O3: ...../...../...... | P3: ...../...../...... | Q3: ...../...../...... | R3: ...../...../...... | S3: ...../...../...... | T3: ...../...../...... | U3: ...../...../...... | V3: ...../...../......
A4: Happy Clean Lounge e Lavanderia Self-Service Ltda - ME | B4: 1 | C4: 1 | D4: Agasalho sintético (tactel) | E4: 339039-46 | F4: Pç | G4: 5 | H4: 400 | I4: =H4-(SUM(K4:V4)) -> 400 | J4: =IF(I4<0,"ATENÇÃO","OK") -> OK | K4: 0 | L4: 0 | M4: 0 | N4: 0 | O4: 0 | P4: 0 | Q4: 0 | R4: 0 | S4: 0 | T4: 0 | U4: 0 | V4: 0
C5: 2 | D5: Bandeira | E5: 339039-46 | F5: Pç | G5: 4 | H5: 20 | I5: =H5-(SUM(K5:V5)) -> 20 | J5: =IF(I5<0,"ATENÇÃO","OK") -> OK | K5: 0 | L5: 0 | M5: 0 | N5: 0 | O5: 0 | P5: 0 | Q5: 0 | R5: 0 | S5: 0 | T5: 0 | U5: 0 | V5: 0
C6: 3 | D6: Beca de microfibra | E6: 339039-46 | F6: Pç | G6: 9.5 | H6: 400 | I6: =H6-(SUM(K6:V6)) -> 400 | J6: =IF(I6<0,"ATENÇÃO","OK") -> OK | K6: 0 | L6: 0 | M6: 0 | N6: 0 | O6: 0 | P6: 0 | Q6: 0 | R6: 0 | S6: 0 | T6: 0 | U6: 0 | V6: 0
C7: 4 | D7: Bermuda sintética (camisas modalidades esportivas) | E7: 339039-46 | F7: Pç | G7: 3.5 | H7: 500 | I7: =H7-(SUM(K7:V7)) -> 500 | J7: =IF(I7<0,"ATENÇÃO","OK") -> OK | K7: 0 | L7: 0 | M7: 0 | N7: 0 | O7: 0 | P7: 0 | Q7: 0 | R7: 0 | S7: 0 | T7: 0 | U7: 0 | V7: 0
C8: 5 | D8: Blusa de algodão / lã | E8: 339039-46 | F8: Pç | G8: 6 | H8: 472 | I8: =H8-(SUM(K8:V8)) -> 472 | J8: =IF(I8<0,"ATENÇÃO","OK") -> OK | K8: 0 | L8: 0 | M8: 0 | N8: 0 | O8: 0 | P8: 0 | Q8: 0 | R8: 0 | S8: 0 | T8: 0 | U8: 0 | V8: 0
C9: 6 | D9: Calça de algodão / lã | E9: 339039-46 | F9: Pç | G9: 4 | H9: 12 | I9: =H9-(SUM(K9:V9)) -> 12 | J9: =IF(I9<0,"ATENÇÃO","OK") -> OK | K9: 0 | L9: 0 | M9: 0 | N9: 0 | O9: 0 | P9: 0 | Q9: 0 | R9: 0 | S9: 0 | T9: 0 | U9: 0 | V9: 0
C10: 7 | D10: Calça de goleiro e camisa de goleiro com espuma de proteção nos joelhos, cintura e cotovelos. | E10: 339039-46 | F10: Pç | G10: 4 | H10: 8 | I10: =H10-(SUM(K10:V10)) -> 8 | J10: =IF(I10<0,"ATENÇÃO","OK") -> OK | K10: 0 | L10: 0 | M10: 0 | N10: 0 | O10: 0 | P10: 0 | Q10: 0 | R10: 0 | S10: 0 | T10: 0 | U10: 0 | V10: 0
C11: 8 | D11: Calça sintética (tactel) | E11: 339039-46 | F11: Pç | G11: 4.2 | H11: 400 | I11: =H11-(SUM(K11:V11)) -> 400 | J11: =IF(I11<0,"ATENÇÃO","OK") -> OK | K11: 0 | L11: 0 | M11: 0 | N11: 0 | O11: 0 | P11: 0 | Q11: 0 | R11: 0 | S11: 0 | T11: 0 | U11: 0 | V11: 0
C12: 9 | D12: Camisa de algodão | E12: 339039-46 | F12: Pç | G12: 4.2 | H12: 24 | I12: =H12-(SUM(K12:V12)) -> 24 | J12: =IF(I12<0,"ATENÇÃO","OK") -> OK | K12: 0 | L12: 0 | M12: 0 | N12: 0 | O12: 0 | P12: 0 | Q12: 0 | R12: 0 | S12: 0 | T12: 0 | U12: 0 | V12: 0
C13: 10 | D13: Camiseta Polo | E13: 339039-46 | F13: Pç | G13: 3.5 | H13: 140 | I13: =H13-(SUM(K13:V13)) -> 140 | J13: =IF(I13<0,"ATENÇÃO","OK") -> OK | K13: 0 | L13: 0 | M13: 0 | N13: 0 | O13: 0 | P13: 0 | Q13: 0 | R13: 0 | S13: 0 | T13: 0 | U13: 0 | V13: 0
C14: 11 | D14: Camiseta regata sintética (basquete) | E14: 339039-46 | F14: Pç | G14: 2.5 | H14: 100 | I14: =H14-(SUM(K14:V14)) -> 100 | J14: =IF(I14<0,"ATENÇÃO","OK") -> OK | K14: 0 | L14: 0 | M14: 0 | N14: 0 | O14: 0 | P14: 0 | Q14: 0 | R14: 0 | S14: 0 | T14: 0 | U14: 0 | V14: 0
C15: 12 | D15: Camiseta sintética (camisas modalidades esportivas) | E15: 339039-46 | F15: Pç | G15: 3.5 | H15: 300 | I15: =H15-(SUM(K15:V15)) -> 300 | J15: =IF(I15<0,"ATENÇÃO","OK") -> OK | K15: 0 | L15: 0 | M15: 0 | N15: 0 | O15: 0 | P15: 0 | Q15: 0 | R15: 0 | S15: 0 | T15: 0 | U15: 0 | V15: 0
C16: 13 | D16: Casaco de algodão | E16: 339039-46 | F16: Pç | G16: 6 | I16: =H16-(SUM(K16:V16)) -> 0 | J16: =IF(I16<0,"ATENÇÃO","OK") -> OK | K16: 0 | L16: 0 | M16: 0 | N16: 0 | O16: 0 | P16: 0 | Q16: 0 | R16: 0 | S16: 0 | T16: 0 | U16: 0 | V16: 0
C17: 14 | D17: Casaco de couro / Jeans / Sintético | E17: 339039-46 | F17: Pç | G17: 7 | I17: =H17-(SUM(K17:V17)) -> 0 | J17: =IF(I17<0,"ATENÇÃO","OK") -> OK | K17: 0 | L17: 0 | M17: 0 | N17: 0 | O17: 0 | P17: 0 | Q17: 0 | R17: 0 | S17: 0 | T17: 0 | U17: 0 | V17: 0
C18: 15 | D18: Chapéu | E18: 339039-46 | F18: Pç | G18: 4 | I18: =H18-(SUM(K18:V18)) -> 0 | J18: =IF(I18<0,"ATENÇÃO","OK") -> OK | K18: 0 | L18: 0 | M18: 0 | N18: 0 | O18: 0 | P18: 0 | Q18: 0 | R18: 0 | S18: 0 | T18: 0 | U18: 0 | V18: 0
C19: 16 | D19: Cinto sintético | E19: 339039-46 | F19: Pç | G19: 3.05 | I19: =H19-(SUM(K19:V19)) -> 0 | J19: =IF(I19<0,"ATENÇÃO","OK") -> OK | K19: 0 | L19: 0 | M19: 0 | N19: 0 | O19: 0 | P19: 0 | Q19: 0 | R19: 0 | S19: 0 | T19: 0 | U19: 0 | V19: 0
C20: 17 | D20: Colete sintético (babeiro) | E20: 339039-46 | F20: Pç | G20: 0.5 | H20: 140 | I20: =H20-(SUM(K20:V20)) -> 140 | J20: =IF(I20<0,"ATENÇÃO","OK") -> OK | K20: 0 | L20: 0 | M20: 0 | N20: 0 | O20: 0 | P20: 0 | Q20: 0 | R20: 0 | S20: 0 | T20: 0 | U20: 0 | V20: 0
C21: 18 | D21: Cortina blackout / Cortina de algodão / Cortina de cetim e material sintético / Cortina de gorgurão / Cortina de veludo / Cortinas em algodão de 92 m² / Forro de cortina / Voil de cortina | E21: 339039-46 | F21: Kg | G21: 9 | I21: =H21-(SUM(K21:V21)) -> 0 | J21: =IF(I21<0,"ATENÇÃO","OK") -> OK | K21: 0 | L21: 0 | M21: 0 | N21: 0 | O21: 0 | P21: 0 | Q21: 0 | R21: 0 | S21: 0 | T21: 0 | U21: 0 | V21: 0
C22: 19 | D22: Faixa de cetim | E22: 339039-46 | F22: Pç | G22: 2 | H22: 400 | I22: =H22-(SUM(K22:V22)) -> 400 | J22: =IF(I22<0,"ATENÇÃO","OK") -> OK | K22: 0 | L22: 0 | M22: 0 | N22: 0 | O22: 0 | P22: 0 | Q22: 0 | R22: 0 | S22: 0 | T22: 0 | U22: 0 | V22: 0
C23: 20 | D23: Fantasia infantil | E23: 339039-46 | F23: Pç | G23: 5 | I23: =H23-(SUM(K23:V23)) -> 0 | J23: =IF(I23<0,"ATENÇÃO","OK") -> OK | K23: 0 | L23: 0 | M23: 0 | N23: 0 | O23: 0 | P23: 0 | Q23: 0 | R23: 0 | S23: 0 | T23: 0 | U23: 0 | V23: 0
C24: 21 | D24: Gravata (materiais diversos) | E24: 339039-46 | F24: Pç | G24: 3 | I24: =H24-(SUM(K24:V24)) -> 0 | J24: =IF(I24<0,"ATENÇÃO","OK") -> OK | K24: 0 | L24: 0 | M24: 0 | N24: 0 | O24: 0 | P24: 0 | Q24: 0 | R24: 0 | S24: 0 | T24: 0 | U24: 0 | V24: 0
C25: 22 | D25: Jabô de renda / de algodão com aplicação em renda | E25: 339039-46 | F25: Pç | G25: 3.5 | H25: 400 | I25: =H25-(SUM(K25:V25)) -> 400 | J25: =IF(I25<0,"ATENÇÃO","OK") -> OK | K25: 0 | L25: 0 | M25: 0 | N25: 0 | O25: 0 | P25: 0 | Q25: 0 | R25: 0 | S25: 0 | T25: 0 | U25: 0 | V25: 0
C26: 23 | D26: Jaqueta de lã | E26: 339039-46 | F26: Pç | G26: 6 | I26: =H26-(SUM(K26:V26)) -> 0 | J26: =IF(I26<0,"ATENÇÃO","OK") -> OK | K26: 0 | L26: 0 | M26: 0 | N26: 0 | O26: 0 | P26: 0 | Q26: 0 | R26: 0 | S26: 0 | T26: 0 | U26: 0 | V26: 0
C27: 24 | D27: Legging sintético | E27: 339039-46 | F27: Pç | G27: 4 | I27: =H27-(SUM(K27:V27)) -> 0 | J27: =IF(I27<0,"ATENÇÃO","OK") -> OK | K27: 0 | L27: 0 | M27: 0 | N27: 0 | O27: 0 | P27: 0 | Q27: 0 | R27: 0 | S27: 0 | T27: 0 | U27: 0 | V27: 0
C28: 25 | D28: Macacão de algodão | E28: 339039-46 | F28: Pç | G28: 6 | I28: =H28-(SUM(K28:V28)) -> 0 | J28: =IF(I28<0,"ATENÇÃO","OK") -> OK | K28: 0 | L28: 0 | M28: 0 | N28: 0 | O28: 0 | P28: 0 | Q28: 0 | R28: 0 | S28: 0 | T28: 0 | U28: 0 | V28: 0
C29: 26 | D29: Manta tamanho até 2,2mX1,8m | E29: 339039-46 | F29: Pç | G29: 10 | I29: =H29-(SUM(K29:V29)) -> 0 | J29: =IF(I29<0,"ATENÇÃO","OK") -> OK | K29: 0 | L29: 0 | M29: 0 | N29: 0 | O29: 0 | P29: 0 | Q29: 0 | R29: 0 | S29: 0 | T29: 0 | U29: 0 | V29: 0
C30: 27 | D30: Meião | E30: 339039-46 | F30: Pç | G30: 1.6 | H30: 300 | I30: =H30-(SUM(K30:V30)) -> 300 | J30: =IF(I30<0,"ATENÇÃO","OK") -> OK | K30: 0 | L30: 0 | M30: 0 | N30: 0 | O30: 0 | P30: 0 | Q30: 0 | R30: 0 | S30: 0 | T30: 0 | U30: 0 | V30: 0
C31: 28 | D31: Paletó | E31: 339039-46 | F31: Pç | G31: 8 | I31: =H31-(SUM(K31:V31)) -> 0 | J31: =IF(I31<0,"ATENÇÃO","OK") -> OK | K31: 0 | L31: 0 | M31: 0 | N31: 0 | O31: 0 | P31: 0 | Q31: 0 | R31: 0 | S31: 0 | T31: 0 | U31: 0 | V31: 0
C32: 29 | D32: Saia curta / longa de algodão / de couro / jeans / sintética | E32: 339039-46 | F32: Pç | G32: 3 | I32: =H32-(SUM(K32:V32)) -> 0 | J32: =IF(I32<0,"ATENÇÃO","OK") -> OK | K32: 0 | L32: 0 | M32: 0 | N32: 0 | O32: 0 | P32: 0 | Q32: 0 | R32: 0 | S32: 0 | T32: 0 | U32: 0 | V32: 0
C33: 30 | D33: Samarra de microfibra | E33: 339039-46 | F33: Pç | G33: 7.5 | H33: 50 | I33: =H33-(SUM(K33:V33)) -> 50 | J33: =IF(I33<0,"ATENÇÃO","OK") -> OK | K33: 0 | L33: 0 | M33: 0 | N33: 0 | O33: 0 | P33: 0 | Q33: 0 | R33: 0 | S33: 0 | T33: 0 | U33: 0 | V33: 0
C34: 31 | D34: Tapete | E34: 339039-46 | F34: m² | G34: 17 | I34: =H34-(SUM(K34:V34)) -> 0 | J34: =IF(I34<0,"ATENÇÃO","OK") -> OK | K34: 0 | L34: 0 | M34: 0 | N34: 0 | O34: 0 | P34: 0 | Q34: 0 | R34: 0 | S34: 0 | T34: 0 | U34: 0 | V34: 0
C35: 32 | D35: Toalhas de mesa tamanhos diversos (até 15m²), de algodão / poliester / de renda / | E35: 339039-46 | F35: Kg | G35: 9 | H35: 20 | I35: =H35-(SUM(K35:V35)) -> 20 | J35: =IF(I35<0,"ATENÇÃO","OK") -> OK | K35: 0 | L35: 0 | M35: 0 | N35: 0 | O35: 0 | P35: 0 | Q35: 0 | R35: 0 | S35: 0 | T35: 0 | U35: 0 | V35: 0
C36: 33 | D36: Uniforme de Judô | E36: 339039-46 | F36: Pç | G36: 9 | I36: =H36-(SUM(K36:V36)) -> 0 | J36: =IF(I36<0,"ATENÇÃO","OK") -> OK | K36: 0 | L36: 0 | M36: 0 | N36: 0 | O36: 0 | P36: 0 | Q36: 0 | R36: 0 | S36: 0 | T36: 0 | U36: 0 | V36: 0
C37: 34 | D37: Vestido sintético | E37: 339039-46 | F37: Pç | G37: 5 | H37: 12 | I37: =H37-(SUM(K37:V37)) -> 12 | J37: =IF(I37<0,"ATENÇÃO","OK") -> OK | K37: 0 | L37: 0 | M37: 0 | N37: 0 | O37: 0 | P37: 0 | Q37: 0 | R37: 0 | S37: 0 | T37: 0 | U37: 0 | V37: 0
C38: 35 | D38: Colete de brim (coletes utilizados na fiscalização de vestibulares e concursos) | E38: 339039-46 | F38: Pç | G38: 3.2 | I38: =H38-(SUM(K38:V38)) -> 0 | J38: =IF(I38<0,"ATENÇÃO","OK") -> OK | K38: 0 | L38: 0 | M38: 0 | N38: 0 | O38: 0 | P38: 0 | Q38: 0 | R38: 0 | S38: 0 | T38: 0 | U38: 0 | V38: 0
C39: 36 | D39: Capara para instrumentos musicais | E39: 339039-46 | F39: kg | G39: 9 | I39: =H39-(SUM(K39:V39)) -> 0 | J39: =IF(I39<0,"ATENÇÃO","OK") -> OK | K39: 0 | L39: 0 | M39: 0 | N39: 0 | O39: 0 | P39: 0 | Q39: 0 | R39: 0 | S39: 0 | T39: 0 | U39: 0 | V39: 0
C40: 37 | D40: Manta para cobrir pianos | E40: 339039-46 | F40: kg | G40: 9 | I40: =H40-(SUM(K40:V40)) -> 0 | J40: =IF(I40<0,"ATENÇÃO","OK") -> OK | K40: 0 | L40: 0 | M40: 0 | N40: 0 | O40: 0 | P40: 0 | Q40: 0 | R40: 0 | S40: 0 | T40: 0 | U40: 0 | V40: 0
C41: 38 | D41: Tapete | E41: 339039-46 | F41: kg | G41: 9 | I41: =H41-(SUM(K41:V41)) -> 0 | J41: =IF(I41<0,"ATENÇÃO","OK") -> OK | K41: 0 | L41: 0 | M41: 0 | N41: 0 | O41: 0 | P41: 0 | Q41: 0 | R41: 0 | S41: 0 | T41: 0 | U41: 0 | V41: 0
C42: 39 | D42: Toalha de banho | E42: 339039-46 | F42: pç | G42: 2.6 | I42: =H42-(SUM(K42:V42)) -> 0 | J42: =IF(I42<0,"ATENÇÃO","OK") -> OK | K42: 0 | L42: 0 | M42: 0 | N42: 0 | O42: 0 | P42: 0 | Q42: 0 | R42: 0 | S42: 0 | T42: 0 | U42: 0 | V42: 0
C43: 40 | D43: Toalha de rosto | E43: 339039-46 | F43: pç | G43: 1.6 | I43: =H43-(SUM(K43:V43)) -> 0 | J43: =IF(I43<0,"ATENÇÃO","OK") -> OK | K43: 0 | L43: 0 | M43: 0 | N43: 0 | O43: 0 | P43: 0 | Q43: 0 | R43: 0 | S43: 0 | T43: 0 | U43: 0 | V43: 0
C44: 41 | D44: Fronha | E44: 339039-46 | F44: pç | G44: 1.5 | I44: =H44-(SUM(K44:V44)) -> 0 | J44: =IF(I44<0,"ATENÇÃO","OK") -> OK | K44: 0 | L44: 0 | M44: 0 | N44: 0 | O44: 0 | P44: 0 | Q44: 0 | R44: 0 | S44: 0 | T44: 0 | U44: 0 | V44: 0
C45: 42 | D45: Lençol (materiais diversos) | E45: 339039-46 | F45: pç | G45: 2.84 | I45: =H45-(SUM(K45:V45)) -> 0 | J45: =IF(I45<0,"ATENÇÃO","OK") -> OK | K45: 0 | L45: 0 | M45: 0 | N45: 0 | O45: 0 | P45: 0 | Q45: 0 | R45: 0 | S45: 0 | T45: 0 | U45: 0 | V45: 0
C46: 43 | D46: Jaleco (materiais diversos) | E46: 339039-46 | F46: pç | G46: 2.3 | I46: =H46-(SUM(K46:V46)) -> 0 | J46: =IF(I46<0,"ATENÇÃO","OK") -> OK | K46: 0 | L46: 0 | M46: 0 | N46: 0 | O46: 0 | P46: 0 | Q46: 0 | R46: 0 | S46: 0 | T46: 0 | U46: 0 | V46: 0
C47: 44 | D47: Capa de Microscópio | E47: 339039-46 | F47: pç | G47: 1.15 | I47: =H47-(SUM(K47:V47)) -> 0 | J47: =IF(I47<0,"ATENÇÃO","OK") -> OK | K47: 0 | L47: 0 | M47: 0 | N47: 0 | O47: 0 | P47: 0 | Q47: 0 | R47: 0 | S47: 0 | T47: 0 | U47: 0 | V47: 0
C48: 45 | D48: Persianas | E48: 339039-46 | F48: m² | G48: 7 | I48: =H48-(SUM(K48:V48)) -> 0 | J48: =IF(I48<0,"ATENÇÃO","OK") -> OK | K48: 0 | L48: 0 | M48: 0 | N48: 0 | O48: 0 | P48: 0 | Q48: 0 | R48: 0 | S48: 0 | T48: 0 | U48: 0 | V48: 0
D50: *Prazos de Entrega e de Pagamento conforme Termo de Referência do Edital

Sheet CEART
A1: PROCESSO: 1254/2014/UDESC | D1: OBJETO: SERVIÇOS DE LAVANDERIA PARA A UDESC | H1: VIGÊNCIA DA ATA: 05/11/2014 até 04/11/2015 | K1: AF/OS nº xxxx/2014 Qtde. DT | L1: AF/OS nº xxxx/2014 Qtde. DT | M1: AF/OS nº xxxx/2014 Qtde. DT | N1: AF/OS nº xxxx/2014 Qtde. DT | O1: AF/OS nº xxxx/2014 Qtde. DT | P1: AF/OS nº xxxx/2014 Qtde. DT | Q1: AF/OS nº xxxx/2014 Qtde. DT | R1: AF/OS nº xxxx/2014 Qtde. DT | S1: AF/OS nº xxxx/2014 Qtde. DT | T1: AF/OS nº xxxx/2014 Qtde. DT | U1: AF/OS nº xxxx/2014 Qtde. DT | V1: AF/OS nº xxxx/2014 Qtde. DT
A2: CENTRO PARTICIPANTE: CEART
A3: FORNECEDOR | B3: LOTE | C3: ITEM | D3: PRODUTO - CARACTERÍSTICAS MÍNIMAS | E3: ELEMENTO | F3: UNIDADE | G3: Preço UNITÁRIO (R$) | H3: Qtde LICITADA | I3: Saldo / Automático | J3: ALERTA | K3: ...../...../...... | L3: ...../...../...... | M3: ...../...../...... | N3: ...../...../...... | O3: ...../...../...... | P3: ...../...../...... | Q3: ...../...../...... | R3: ...../...../...... | S3: ...../...../...... | T3: ...../...../...... | U3: ...../...../...... | V3: ...../...../......
A4: Happy Clean Lounge e Lavanderia Self-Service Ltda - ME | B4: 1 | C4: 1 | D4: Agasalho sintético (tactel) | E4: 339039-46 | F4: Pç | G4: 5 | I4: =H4-(SUM(K4:V4)) -> 0 | J4: =IF(I4<0,"ATENÇÃO","OK") -> OK | K4: 0 | L4: 0 | M4: 0 | N4: 0 | O4: 0 | P4: 0 | Q4: 0 | R4: 0 | S4: 0 | T4: 0 | U4: 0 | V4: 0
C5: 2 | D5: Bandeira | E5: 339039-46 | F5: Pç | G5: 4 | I5: =H5-(SUM(K5:V5)) -> 0 | J5: =IF(I5<0,"ATENÇÃO","OK") -> OK | K5: 0 | L5: 0 | M5: 0 | N5: 0 | O5: 0 | P5: 0 | Q5: 0 | R5: 0 | S5: 0 | T5: 0 | U5: 0 | V5: 0
C6: 3 | D6: Beca de microfibra | E6: 339039-46 | F6: Pç | G6: 9.5 | H6: 260 | I6: =H6-(SUM(K6:V6)) -> 260 | J6: =IF(I6<0,"ATENÇÃO","OK") -> OK | K6: 0 | L6: 0 | M6: 0 | N6: 0 | O6: 0 | P6: 0 | Q6: 0 | R6: 0 | S6: 0 | T6: 0 | U6: 0 | V6: 0
C7: 4 | D7: Bermuda sintética (camisas modalidades esportivas) | E7: 339039-46 | F7: Pç | G7: 3.5 | I7: =H7-(SUM(K7:V7)) -> 0 | J7: =IF(I7<0,"ATENÇÃO","OK") -> OK | K7: 0 | L7: 0 | M7: 0 | N7: 0 | O7: 0 | P7: 0 | Q7: 0 | R7: 0 | S7: 0 | T7: 0 | U7: 0 | V7: 0
C8: 5 | D8: Blusa de algodão / lã | E8: 339039-46 | F8: Pç | G8: 6 | H8: 20 | I8: =H8-(SUM(K8:V8)) -> 20 | J8: =IF(I8<0,"ATENÇÃO","OK") -> OK | K8: 0 | L8: 0 | M8: 0 | N8: 0 | O8: 0 | P8: 0 | Q8: 0 | R8: 0 | S8: 0 | T8: 0 | U8: 0 | V8: 0
C9: 6 | D9: Calça de algodão / lã | E9: 339039-46 | F9: Pç | G9: 4 | H9: 30 | I9: =H9-(SUM(K9:V9)) -> 30 | J9: =IF(I9<0,"ATENÇÃO","OK") -> OK | K9: 0 | L9: 0 | M9: 0 | N9: 0 | O9: 0 | P9: 0 | Q9: 0 | R9: 0 | S9: 0 | T9: 0 | U9: 0 | V9: 0
C10: 7 | D10: Calça de goleiro e camisa de goleiro com espuma de proteção nos joelhos, cintura e cotovelos. | E10: 339039-46 | F10: Pç | G10: 4 | H10: 10 | I10: =H10-(SUM(K10:V10)) -> 10 | J10: =IF(I10<0,"ATENÇÃO","OK") -> OK | K10: 0 | L10: 0 | M10: 0 | N10: 0 | O10: 0 | P10: 0 | Q10: 0 | R10: 0 | S10: 0 | T10: 0 | U10: 0 | V10: 0
C11: 8 | D11: Calça sintética (tactel) | E11: 339039-46 | F11: Pç | G11: 4.2 | H11: 100 | I11: =H11-(SUM(K11:V11)) -> 100 | J11: =IF(I11<0,"ATENÇÃO","OK") -> OK | K11: 0 | L11: 0 | M11: 0 | N11: 0 | O11: 0 | P11: 0 | Q11: 0 | R11: 0 | S11: 0 | T11: 0 | U11: 0 | V11: 0
C12: 9 | D12: Camisa de algodão | E12: 339039-46 | F12: Pç | G12: 4.2 | H12: 150 | I12: =H12-(SUM(K12:V12)) -> 150 | J12: =IF(I12<0,"ATENÇÃO","OK") -> OK | K12: 0 | L12: 0 | M12: 0 | N12: 0 | O12: 0 | P12: 0 | Q12: 0 | R12: 0 | S12: 0 | T12: 0 | U12: 0 | V12: 0
C13: 10 | D13: Camiseta Polo | E13: 339039-46 | F13: Pç | G13: 3.5 | I13: =H13-(SUM(K13:V13)) -> 0 | J13: =IF(I13<0,"ATENÇÃO","OK") -> OK | K13: 0 | L13: 0 | M13: 0 | N13: 0 | O13: 0 | P13: 0 | Q13: 0 | R13: 0 | S13: 0 | T13: 0 | U13: 0 | V13: 0
C14: 11 | D14: Camiseta regata sintética (basquete) | E14: 339039-46 | F14: Pç | G14: 2.5 | H14: 60 | I14: =H14-(SUM(K14:V14)) -> 60 | J14: =IF(I14<0,"ATENÇÃO","OK") -> OK | K14: 0 | L14: 0 | M14: 0 | N14: 0 | O14: 0 | P14: 0 | Q14: 0 | R14: 0 | S14: 0 | T14: 0 | U14: 0 | V14: 0
C15: 12 | D15: Camiseta sintética (camisas modalidades esportivas) | E15: 339039-46 | F15: Pç | G15: 3.5 | H15: 400 | I15: =H15-(SUM(K15:V15)) -> 400 | J15: =IF(I15<0,"ATENÇÃO","OK") -> OK | K15: 0 | L15: 0 | M15: 0 | N15: 0 | O15: 0 | P15: 0 | Q15: 0 | R15: 0 | S15: 0 | T15: 0 | U15: 0 | V15: 0
C16: 13 | D16: Casaco de algodão | E16: 339039-46 | F16: Pç | G16: 6 | H16: 30 | I16: =H16-(SUM(K16:V16)) -> 30 | J16: =IF(I16<0,"ATENÇÃO","OK") -> OK | K16: 0 | L16: 0 | M16: 0 | N16: 0 | O16: 0 | P16: 0 | Q16: 0 | R16: 0 | S16: 0 | T16: 0 | U16: 0 | V16: 0
C17: 14 | D17: Casaco de couro / Jeans / Sintético | E17: 339039-46 | F17: Pç | G17: 7 | H17: 20 | I17: =H17-(SUM(K17:V17)) -> 20 | J17: =IF(I17<0,"ATENÇÃO","OK") -> OK | K17: 0 | L17: 0 | M17: 0 | N17: 0 | O17: 0 | P17: 0 | Q17: 0 | R17: 0 | S17: 0 | T17: 0 | U17: 0 | V17: 0
C18: 15 | D18: Chapéu | E18: 339039-46 | F18: Pç | G18: 4 | H18: 5 | I18: =H18-(SUM(K18:V18)) -> 5 | J18: =IF(I18<0,"ATENÇÃO","OK") -> OK | K18: 0 | L18: 0 | M18: 0 | N18: 0 | O18: 0 | P18: 0 | Q18: 0 | R18: 0 | S18: 0 | T18: 0 | U18: 0 | V18: 0
C19: 16 | D19: Cinto sintético | E19: 339039-46 | F19: Pç | G19: 3.05 | H19: 2 | I19: =H19-(SUM(K19:V19)) -> 2 | J19: =IF(I19<0,"ATENÇÃO","OK") -> OK | K19: 0 | L19: 0 | M19: 0 | N19: 0 | O19: 0 | P19: 0 | Q19: 0 | R19: 0 | S19: 0 | T19: 0 | U19: 0 | V19: 0
C20: 17 | D20: Colete sintético (babeiro) | E20: 339039-46 | F20: Pç | G20: 0.5 | H20: 50 | I20: =H20-(SUM(K20:V20)) -> 50 | J20: =IF(I20<0,"ATENÇÃO","OK") -> OK | K20: 0 | L20: 0 | M20: 0 | N20: 0 | O20: 0 | P20: 0 | Q20: 0 | R20: 0 | S20: 0 | T20: 0 | U20: 0 | V20: 0
C21: 18 | D21: Cortina blackout / Cortina de algodão / Cortina de cetim e material sintético / Cortina de gorgurão / Cortina de veludo / Cortinas em algodão de 92 m² / Forro de cortina / Voil de cortina | E21: 339039-46 | F21: Kg | G21: 9 | H21: 477 | I21: =H21-(SUM(K21:V21)) -> 477 | J21: =IF(I21<0,"ATENÇÃO","OK") -> OK | K21: 0 | L21: 0 | M21: 0 | N21: 0 | O21: 0 | P21: 0 | Q21: 0 | R21: 0 | S21: 0 | T21: 0 | U21: 0 | V21: 0
C22: 19 | D22: Faixa de cetim | E22: 339039-46 | F22: Pç | G22: 2 | H22: 260 | I22: =H22-(SUM(K22:V22)) -> 260 | J22: =IF(I22<0,"ATENÇÃO","OK") -> OK | K22: 0 | L22: 0 | M22: 0 | N22: 0 | O22: 0 | P22: 0 | Q22: 0 | R22: 0 | S22: 0 | T22: 0 | U22: 0 | V22: 0
C23: 20 | D23: Fantasia infantil | E23: 339039-46 | F23: Pç | G23: 5 | H23: 5 | I23: =H23-(SUM(K23:V23)) -> 5 | J23: =IF(I23<0,"ATENÇÃO","OK") -> OK | K23: 0 | L23: 0 | M23: 0 | N23: 0 | O23: 0 | P23: 0 | Q23: 0 | R23: 0 | S23: 0 | T23: 0 | U23: 0 | V23: 0
C24: 21 | D24: Gravata (materiais diversos) | E24: 339039-46 | F24: Pç | G24: 3 | H24: 20 | I24: =H24-(SUM(K24:V24)) -> 20 | J24: =IF(I24<0,"ATENÇÃO","OK") -> OK | K24: 0 | L24: 0 | M24: 0 | N24: 0 | O24: 0 | P24: 0 | Q24: 0 | R24: 0 | S24: 0 | T24: 0 | U24: 0 | V24: 0
C25: 22 | D25: Jabô de renda / de algodão com aplicação em renda | E25: 339039-46 | F25: Pç | G25: 3.5 | H25: 260 | I25: =H25-(SUM(K25:V25)) -> 260 | J25: =IF(I25<0,"ATENÇÃO","OK") -> OK | K25: 0 | L25: 0 | M25: 0 | N25: 0 | O25: 0 | P25: 0 | Q25: 0 | R25: 0 | S25: 0 | T25: 0 | U25: 0 | V25: 0
... C35: 32 | D35: Toalhas de mesa tamanhos diversos (até 15m²), de algodão / poliester / de renda / | E35: 339039-46 | F35: Kg | G35: 9 | H35: 95 | I35: =H35-(SUM(K35:V35)) -> 95 | J35: =IF(I35<0,"ATENÇÃO","OK") -> OK | K35: 0 | L35: 0 | M35: 0 | N35: 0 | O35: 0 | P35: 0 | Q35: 0 | R35: 0 | S35: 0 | T35: 0 | U35: 0 | V35: 0
C36: 33 | D36: Uniforme de Judô | E36: 339039-46 | F36: Pç | G36: 9 | I36: =H36-(SUM(K36:V36)) -> 0 | J36: =IF(I36<0,"ATENÇÃO","OK") -> OK | K36: 0 | L36: 0 | M36: 0 | N36: 0 | O36: 0 | P36: 0 | Q36: 0 | R36: 0 | S36: 0 | T36: 0 | U36: 0 | V36: 0
C37: 34 | D37: Vestido sintético | E37: 339039-46 | F37: Pç | G37: 5 | H37: 12 | I37: =H37-(SUM(K37:V37)) -> 12 | J37: =IF(I37<0,"ATENÇÃO","OK") -> OK | K37: 0 | L37: 0 | M37: 0 | N37: 0 | O37: 0 | P37: 0 | Q37: 0 | R37: 0 | S37: 0 | T37: 0 | U37: 0 | V37: 0
C38: 35 | D38: Colete de brim (coletes utilizados na fiscalização de vestibulares e concursos) | E38: 339039-46 | F38: Pç | G38: 3.2 | I38: =H38-(SUM(K38:V38)) -> 0 | J38: =IF(I38<0,"ATENÇÃO","OK") -> OK | K38: 0 | L38: 0 | M38: 0 | N38: 0 | O38: 0 | P38: 0 | Q38: 0 | R38: 0 | S38: 0 | T38: 0 | U38: 0 | V38: 0
C39: 36 | D39: Capara para instrumentos musicais | E39: 339039-46 | F39: kg | G39: 9 | H39: 11 | I39: =H39-(SUM(K39:V39)) -> 11 | J39: =IF(I39<0,"ATENÇÃO","OK") -> OK | K39: 0 | L39: 0 | M39: 0 | N39: 0 | O39: 0 | P39: 0 | Q39: 0 | R39: 0 | S39: 0 | T39: 0 | U39: 0 | V39: 0
C40: 37 | D40: Manta para cobrir pianos | E40: 339039-46 | F40: kg | G40: 9 | H40: 6 | I40: =H40-(SUM(K40:V40)) -> 6 | J40: =IF(I40<0,"ATENÇÃO","OK") -> OK | K40: 0 | L40: 0 | M40: 0 | N40: 0 | O40: 0 | P40: 0 | Q40: 0 | R40: 0 | S40: 0 | T40: 0 | U40: 0 | V40: 0
C41: 38 | D41: Tapete | E41: 339039-46 | F41: kg | G41: 9 | H41: 8 | I41: =H41-(SUM(K41:V41)) -> 8 | J41: =IF(I41<0,"ATENÇÃO","OK") -> OK | K41: 0 | L41: 0 | M41: 0 | N41: 0 | O41: 0 | P41: 0 | Q41: 0 | R41: 0 | S41: 0 | T41: 0 | U41: 0 | V41: 0
C42: 39 | D42: Toalha de banho | E42: 339039-46 | F42: pç | G42: 2.6 | I42: =H42-(SUM(K42:V42)) -> 0 | J42: =IF(I42<0,"ATENÇÃO","OK") -> OK | K42: 0 | L42: 0 | M42: 0 | N42: 0 | O42: 0 | P42: 0 | Q42: 0 | R42: 0 | S42: 0 | T42: 0 | U42: 0 | V42: 0
C43: 40 | D43: Toalha de rosto | E43: 339039-46 | F43: pç | G43: 1.6 | I43: =H43-(SUM(K43:V43)) -> 0 | J43: =IF(I43<0,"ATENÇÃO","OK") -> OK | K43: 0 | L43: 0 | M43: 0 | N43: 0 | O43: 0 | P43: 0 | Q43: 0 | R43: 0 | S43: 0 | T43: 0 | U43: 0 | V43: 0
C44: 41 | D44: Fronha | E44: 339039-46 | F44: pç | G44: 1.5 | I44: =H44-(SUM(K44:V44)) -> 0 | J44: =IF(I44<0,"ATENÇÃO","OK") -> OK | K44: 0 | L44: 0 | M44: 0 | N44: 0 | O44: 0 | P44: 0 | Q44: 0 | R44: 0 | S44: 0 | T44: 0 | U44: 0 | V44: 0
C45: 42 | D45: Lençol (materiais diversos) | E45: 339039-46 | F45: pç | G45: 2.84 | I45: =H45-(SUM(K45:V45)) -> 0 | J45: =IF(I45<0,"ATENÇÃO","OK") -> OK | K45: 0 | L45: 0 | M45: 0 | N45: 0 | O45: 0 | P45: 0 | Q45: 0 | R45: 0 | S45: 0 | T45: 0 | U45: 0 | V45: 0
C46: 43 | D46: Jaleco (materiais diversos) | E46: 339039-46 | F46: pç | G46: 2.3 | I46: =H46-(SUM(K46:V46)) -> 0 | J46: =IF(I46<0,"ATENÇÃO","OK") -> OK | K46: 0 | L46: 0 | M46: 0 | N46: 0 | O46: 0 | P46: 0 | Q46: 0 | R46: 0 | S46: 0 | T46: 0 | U46: 0 | V46: 0
C47: 44 | D47: Capa de Microscópio | E47: 339039-46 | F47: pç | G47: 1.15 | I47: =H47-(SUM(K47:V47)) -> 0 | J47: =IF(I47<0,"ATENÇÃO","OK") -> OK | K47: 0 | L47: 0 | M47: 0 | N47: 0 | O47: 0 | P47: 0 | Q47: 0 | R47: 0 | S47: 0 | T47: 0 | U47: 0 | V47: 0
C48: 45 | D48: Persianas | E48: 339039-46 | F48: m² | G48: 7 | I48: =H48-(SUM(K48:V48)) -> 0 | J48: =IF(I48<0,"ATENÇÃO","OK") -> OK | K48: 0 | L48: 0 | M48: 0 | N48: 0 | O48: 0 | P48: 0 | Q48: 0 | R48: 0 | S48: 0 | T48: 0 | U48: 0 | V48: 0
D50: *Prazos de Entrega e de Pagamento conforme Termo de Referência do Edital

Sheet CEAD
A1: PROCESSO: 1254/2014/UDESC | D1: OBJETO: SERVIÇOS DE LAVANDERIA PARA A UDESC | H1: VIGÊNCIA DA ATA: 05/11/2014 até 04/11/2015 | K1: AF/OS nº xxxx/2014 Qtde. DT | L1: AF/OS nº xxxx/2014 Qtde. DT | M1: AF/OS nº xxxx/2014 Qtde. DT | N1: AF/OS nº xxxx/2014 Qtde. DT | O1: AF/OS nº xxxx/2014 Qtde. DT | P1: AF/OS nº xxxx/2014 Qtde. DT | Q1: AF/OS nº xxxx/2014 Qtde. DT | R1: AF/OS nº xxxx/2014 Qtde. DT | S1: AF/OS nº xxxx/2014 Qtde. DT | T1: AF/OS nº xxxx/2014 Qtde. DT | U1: AF/OS nº xxxx/2014 Qtde. DT | V1: AF/OS nº xxxx/2014 Qtde. DT
A2: CENTRO PARTICIPANTE: CEAD
A3: FORNECEDOR | B3: LOTE | C3: ITEM | D3: PRODUTO - CARACTERÍSTICAS MÍNIMAS | E3: ELEMENTO | F3: UNIDADE | G3: Preço UNITÁRIO (R$) | H3: Qtde LICITADA | I3: Saldo / Automático | J3: ALERTA | K3: ...../...../...... | L3: ...../...../...... | M3: ...../...../...... | N3: ...../...../...... | O3: ...../...../...... | P3: ...../...../...... | Q3: ...../...../...... | R3: ...../...../...... | S3: ...../...../...... | T3: ...../...../...... | U3: ...../...../...... | V3: ...../...../......
A4: Happy Clean Lounge e Lavanderia Self-Service Ltda - ME | B4: 1 | C4: 1 | D4: Agasalho sintético (tactel) | E4: 339039-46 | F4: Pç | G4: 5 | I4: =H4-(SUM(K4:V4)) -> 0 | J4: =IF(I4<0,"ATENÇÃO","OK") -> OK | K4: 0 | L4: 0 | M4: 0 | N4: 0 | O4: 0 | P4: 0 | Q4: 0 | R4: 0 | S4: 0 | T4: 0 | U4: 0 | V4: 0
C5: 2 | D5: Bandeira | E5: 339039-46 | F5: Pç | G5: 4 | H5: 5 | I5: =H5-(SUM(K5:V5)) -> 5 | J5: =IF(I5<0,"ATENÇÃO","OK") -> OK | K5: 0 | L5: 0 | M5: 0 | N5: 0 | O5: 0 | P5: 0 | Q5: 0 | R5: 0 | S5: 0 | T5: 0 | U5: 0 | V5: 0
C6: 3 | D6: Beca de microfibra | E6: 339039-46 | F6: Pç | G6: 9.5 | H6: 300 | I6: =H6-(SUM(K6:V6)) -> 300 | J6: =IF(I6<0,"ATENÇÃO","OK") -> OK | K6: 0 | L6: 0 | M6: 0 | N6: 0 | O6: 0 | P6: 0 | Q6: 0 | R6: 0 | S6: 0 | T6: 0 | U6: 0 | V6: 0
C7: 4 | D7: Bermuda sintética (camisas modalidades esportivas) | E7: 339039-46 | F7: Pç | G7: 3.5 | I7: =H7-(SUM(K7:V7)) -> 0 | J7: =IF(I7<0,"ATENÇÃO","OK") -> OK | K7: 0 | L7: 0 | M7: 0 | N7: 0 | O7: 0 | P7: 0 | Q7: 0 | R7: 0 | S7: 0 | T7: 0 | U7: 0 | V7: 0
C8: 5 | D8: Blusa de algodão / lã | E8: 339039-46 | F8: Pç | G8: 6 | I8: =H8-(SUM(K8:V8)) -> 0 | J8: =IF(I8<0,"ATENÇÃO","OK") -> OK | K8: 0 | L8: 0 | M8: 0 | N8: 0 | O8: 0 | P8: 0 | Q8: 0 | R8: 0 | S8: 0 | T8: 0 | U8: 0 | V8: 0
C9: 6 | D9: Calça de algodão / lã | E9: 339039-46 | F9: Pç | G9: 4 | I9: =H9-(SUM(K9:V9)) -> 0 | J9: =IF(I9<0,"ATENÇÃO","OK") -> OK | K9: 0 | L9: 0 | M9: 0 | N9: 0 | O9: 0 | P9: 0 | Q9: 0 | R9: 0 | S9: 0 | T9: 0 | U9: 0 | V9: 0
C10: 7 | D10: Calça de goleiro e camisa de goleiro com espuma de proteção nos joelhos, cintura e cotovelos. | E10: 339039-46 | F10: Pç | G10: 4 | I10: =H10-(SUM(K10:V10)) -> 0 | J10: =IF(I10<0,"ATENÇÃO","OK") -> OK | K10: 0 | L10: 0 | M10: 0 | N10: 0 | O10: 0 | P10: 0 | Q10: 0 | R10: 0 | S10: 0 | T10: 0 | U10: 0 | V10: 0
C11: 8 | D11: Calça sintética (tactel) | E11: 339039-46 | F11: Pç | G11: 4.2 | I11: =H11-(SUM(K11:V11)) -> 0 | J11: =IF(I11<0,"ATENÇÃO","OK") -> OK | K11: 0 | L11: 0 | M11: 0 | N11: 0 | O11: 0 | P11: 0 | Q11: 0 | R11: 0 | S11: 0 | T11: 0 | U11: 0 | V11: 0
C12: 9 | D12: Camisa de algodão | E12: 339039-46 | F12: Pç | G12: 4.2 | I12: =H12-(SUM(K12:V12)) -> 0 | J12: =IF(I12<0,"ATENÇÃO","OK") -> OK | K12: 0 | L12: 0 | M12: 0 | N12: 0 | O12: 0 | P12: 0 | Q12: 0 | R12: 0 | S12: 0 | T12: 0 | U12: 0 | V12: 0
C13: 10 | D13: Camiseta Polo | E13: 339039-46 | F13: Pç | G13: 3.5 | I13: =H13-(SUM(K13:V13)) -> 0 | J13: =IF(I13<0,"ATENÇÃO","OK") -> OK | K13: 0 | L13: 0 | M13: 0 | N13: 0 | O13: 0 | P13: 0 | Q13: 0 | R13: 0 | S13: 0 | T13: 0 | U13: 0 | V13: 0
C14: 11 | D14: Camiseta regata sintética (basquete) | E14: 339039-46 | F14: Pç | G14: 2.5 | I14: =H14-(SUM(K14:V14)) -> 0 | J14: =IF(I14<0,"ATENÇÃO","OK") -> OK | K14: 0 | L14: 0 | M14: 0 | N14: 0 | O14: 0 | P14: 0 | Q14: 0 | R14: 0 | S14: 0 | T14: 0 | U14: 0 | V14: 0
C15: 12 | D15: Camiseta sintética (camisas modalidades esportivas) | E15: 339039-46 | F15: Pç | G15: 3.5 | I15: =H15-(SUM(K15:V15)) -> 0 | J15: =IF(I15<0,"ATENÇÃO","OK") -> OK | K15: 0 | L15: 0 | M15: 0 | N15: 0 | O15: 0 | P15: 0 | Q15: 0 | R15: 0 | S15: 0 | T15: 0 | U15: 0 | V15: 0
C16: 13 | D16: Casaco de algodão | E16: 339039-46 | F16: Pç | G16: 6 | I16: =H16-(SUM(K16:V16)) -> 0 | J16: =IF(I16<0,"ATENÇÃO","OK") -> OK | K16: 0 | L16: 0 | M16: 0 | N16: 0 | O16: 0 | P16: 0 | Q16: 0 | R16: 0 | S16: 0 | T16: 0 | U16: 0 | V16: 0
C17: 14 | D17: Casaco de couro / Jeans / Sintético | E17: 339039-46 | F17: Pç | G17: 7 | I17: =H17-(SUM(K17:V17)) -> 0 | J17: =IF(I17<0,"ATENÇÃO","OK") -> OK | K17: 0 | L17: 0 | M17: 0 | N17: 0 | O17: 0 | P17: 0 | Q17: 0 | R17: 0 | S17: 0 | T17: 0 | U17: 0 | V17: 0
C18: 15 | D18: Chapéu | E18: 339039-46 | F18: Pç | G18: 4 | I18: =H18-(SUM(K18:V18)) -> 0 | J18: =IF(I18<0,"ATENÇÃO","OK") -> OK | K18: 0 | L18: 0 | M18: 0 | N18: 0 | O18: 0 | P18: 0 | Q18: 0 | R18: 0 | S18: 0 | T18: 0 | U18: 0 | V18: 0
... C21: 18 | D21: Cortina blackout / Cortina de algodão / Cortina de cetim e material sintético / Cortina de gorgurão / Cortina de veludo / Cortinas em algodão de 92 m² / Forro de cortina / Voil de cortina | E21: 339039-46 | F21: Kg | G21: 9 | I21: =H21-(SUM(K21:V21)) -> 0 | J21: =IF(I21<0,"ATENÇÃO","OK") -> OK | K21: 0 | L21: 0 | M21: 0 | N21: 0 | O21: 0 | P21: 0 | Q21: 0 | R21: 0 | S21: 0 | T21: 0 | U21: 0 | V21: 0
C22: 19 | D22: Faixa de cetim | E22: 339039-46 | F22: Pç | G22: 2 | H22: 300 | I22: =H22-(SUM(K22:V22)) -> 300 | J22: =IF(I22<0,"ATENÇÃO","OK") -> OK | K22: 0 | L22: 0 | M22: 0 | N22: 0 | O22: 0 | P22: 0 | Q22: 0 | R22: 0 | S22: 0 | T22: 0 | U22: 0 | V22: 0
C23: 20 | D23: Fantasia infantil | E23: 339039-46 | F23: Pç | G23: 5 | I23: =H23-(SUM(K23:V23)) -> 0 | J23: =IF(I23<0,"ATENÇÃO","OK") -> OK | K23: 0 | L23: 0 | M23: 0 | N23: 0 | O23: 0 | P23: 0 | Q23: 0 | R23: 0 | S23: 0 | T23: 0 | U23: 0 | V23: 0
C24: 21 | D24: Gravata (materiais diversos) | E24: 339039-46 | F24: Pç | G24: 3 | I24: =H24-(SUM(K24:V24)) -> 0 | J24: =IF(I24<0,"ATENÇÃO","OK") -> OK | K24: 0 | L24: 0 | M24: 0 | N24: 0 | O24: 0 | P24: 0 | Q24: 0 | R24: 0 | S24: 0 | T24: 0 | U24: 0 | V24: 0
C25: 22 | D25: Jabô de renda / de algodão com aplicação em renda | E25: 339039-46 | F25: Pç | G25: 3.5 | H25: 300 | I25: =H25-(SUM(K25:V25)) -> 300 | J25: =IF(I25<0,"ATENÇÃO","OK") -> OK | K25: 0 | L25: 0 | M25: 0 | N25: 0 | O25: 0 | P25: 0 | Q25: 0 | R25: 0 | S25: 0 | T25: 0 | U25: 0 | V25: 0
C26: 23 | D26: Jaqueta de lã | E26: 339039-46 | F26: Pç | G26: 6 | I26: =H26-(SUM(K26:V26)) -> 0 | J26: =IF(I26<0,"ATENÇÃO","OK") -> OK | K26: 0 | L26: 0 | M26: 0 | N26: 0 | O26: 0 | P26: 0 | Q26: 0 | R26: 0 | S26: 0 | T26: 0 | U26: 0 | V26: 0
C27: 24 | D27: Legging sintético | E27: 339039-46 | F27: Pç | G27: 4 | I27: =H27-(SUM(K27:V27)) -> 0 | J27: =IF(I27<0,"ATENÇÃO","OK") -> OK | K27: 0 | L27: 0 | M27: 0 | N27: 0 | O27: 0 | P27: 0 | Q27: 0 | R27: 0 | S27: 0 | T27: 0 | U27: 0 | V27: 0
C28: 25 | D28: Macacão de algodão | E28: 339039-46 | F28: Pç | G28: 6 | I28: =H28-(SUM(K28:V28)) -> 0 | J28: =IF(I28<0,"ATENÇÃO","OK") -> OK | K28: 0 | L28: 0 | M28: 0 | N28: 0 | O28: 0 | P28: 0 | Q28: 0 | R28: 0 | S28: 0 | T28: 0 | U28: 0 | V28: 0
C29: 26 | D29: Manta tamanho até 2,2mX1,8m | E29: 339039-46 | F29: Pç | G29: 10 | I29: =H29-(SUM(K29:V29)) -> 0 | J29: =IF(I29<0,"ATENÇÃO","OK") -> OK | K29: 0 | L29: 0 | M29: 0 | N29: 0 | O29: 0 | P29: 0 | Q29: 0 | R29: 0 | S29: 0 | T29: 0 | U29: 0 | V29: 0
C30: 27 | D30: Meião | E30: 339039-46 | F30: Pç | G30: 1.6 | I30: =H30-(SUM(K30:V30)) -> 0 | J30: =IF(I30<0,"ATENÇÃO","OK") -> OK | K30: 0 | L30: 0 | M30: 0 | N30: 0 | O30: 0 | P30: 0 | Q30: 0 | R30: 0 | S30: 0 | T30: 0 | U30: 0 | V30: 0
C31: 28 | D31: Paletó | E31: 339039-46 | F31: Pç | G31: 8 | I31: =H31-(SUM(K31:V31)) -> 0 | J31: =IF(I31<0,"ATENÇÃO","OK") -> OK | K31: 0 | L31: 0 | M31: 0 | N31: 0 | O31: 0 | P31: 0 | Q31: 0 | R31: 0 | S31: 0 | T31: 0 | U31: 0 | V31: 0
C32: 29 | D32: Saia curta / longa de algodão / de couro / jeans / sintética | E32: 339039-46 | F32: Pç | G32: 3 | I32: =H32-(SUM(K32:V32)) -> 0 | J32: =IF(I32<0,"ATENÇÃO","OK") -> OK | K32: 0 | L32: 0 | M32: 0 | N32: 0 | O32: 0 | P32: 0 | Q32: 0 | R32: 0 | S32: 0 | T32: 0 | U32: 0 | V32: 0
C33: 30 | D33: Samarra de microfibra | E33: 339039-46 | F33: Pç | G33: 7.5 | H33: 8 | I33: =H33-(SUM(K33:V33)) -> 8 | J33: =IF(I33<0,"ATENÇÃO","OK") -> OK | K33: 0 | L33: 0 | M33: 0 | N33: 0 | O33: 0 | P33: 0 | Q33: 0 | R33: 0 | S33: 0 | T33: 0 | U33: 0 | V33: 0
C34: 31 | D34: Tapete | E34: 339039-46 | F34: m² | G34: 17 | I34: =H34-(SUM(K34:V34)) -> 0 | J34: =IF(I34<0,"ATENÇÃO","OK") -> OK | K34: 0 | L34: 0 | M34: 0 | N34: 0 | O34: 0 | P34: 0 | Q34: 0 | R34: 0 | S34: 0 | T34: 0 | U34: 0 | V34: 0
C35: 32 | D35: Toalhas de mesa tamanhos diversos (até 15m²), de algodão / poliester / de renda / | E35: 339039-46 | F35: Kg | G35: 9 | H35: 8 | I35: =H35-(SUM(K35:V35)) -> 8 | J35: =IF(I35<0,"ATENÇÃO","OK") -> OK | K35: 0 | L35: 0 | M35: 0 | N35: 0 | O35: 0 | P35: 0 | Q35: 0 | R35: 0 | S35: 0 | T35: 0 | U35: 0 | V35: 0
C36: 33 | D36: Uniforme de Judô | E36: 339039-46 | F36: Pç | G36: 9 | I36: =H36-(SUM(K36:V36)) -> 0 | J36: =IF(I36<0,"ATENÇÃO","OK") -> OK | K36: 0 | L36: 0 | M36: 0 | N36: 0 | O36: 0 | P36: 0 | Q36: 0 | R36: 0 | S36: 0 | T36: 0 | U36: 0 | V36: 0
C37: 34 | D37: Vestido sintético | E37: 339039-46 | F37: Pç | G37: 5 | I37: =H37-(SUM(K37:V37)) -> 0 | J37: =IF(I37<0,"ATENÇÃO","OK") -> OK | K37: 0 | L37: 0 | M37: 0 | N37: 0 | O37: 0 | P37: 0 | Q37: 0 | R37: 0 | S37: 0 | T37: 0 | U37: 0 | V37: 0
C38: 35 | D38: Colete de brim (coletes utilizados na fiscalização de vestibulares e concursos) | E38: 339039-46 | F38: Pç | G38: 3.2 | I38: =H38-(SUM(K38:V38)) -> 0 | J38: =IF(I38<0,"ATENÇÃO","OK") -> OK | K38: 0 | L38: 0 | M38: 0 | N38: 0 | O38: 0 | P38: 0 | Q38: 0 | R38: 0 | S38: 0 | T38: 0 | U38: 0 | V38: 0
C39: 36 | D39: Capara para instrumentos musicais | E39: 339039-46 | F39: kg | G39: 9 | I39: =H39-(SUM(K39:V39)) -> 0 | J39: =IF(I39<0,"ATENÇÃO","OK") -> OK | K39: 0 | L39: 0 | M39: 0 | N39: 0 | O39: 0 | P39: 0 | Q39: 0 | R39: 0 | S39: 0 | T39: 0 | U39: 0 | V39: 0
C40: 37 | D40: Manta para cobrir pianos | E40: 339039-46 | F40: kg | G40: 9 | I40: =H40-(SUM(K40:V40)) -> 0 | J40: =IF(I40<0,"ATENÇÃO","OK") -> OK | K40: 0 | L40: 0 | M40: 0 | N40: 0 | O40: 0 | P40: 0 | Q40: 0 | R40: 0 | S40: 0 | T40: 0 | U40: 0 | V40: 0
C41: 38 | D41: Tapete | E41: 339039-46 | F41: kg | G41: 9 | I41: =H41-(SUM(K41:V41)) -> 0 | J41: =IF(I41<0,"ATENÇÃO","OK") -> OK | K41: 0 | L41: 0 | M41: 0 | N41: 0 | O41: 0 | P41: 0 | Q41: 0 | R41: 0 | S41: 0 | T41: 0 | U41: 0 | V41: 0
C42: 39 | D42: Toalha de banho | E42: 339039-46 | F42: pç | G42: 2.6 | I42: =H42-(SUM(K42:V42)) -> 0 | J42: =IF(I42<0,"ATENÇÃO","OK") -> OK | K42: 0 | L42: 0 | M42: 0 | N42: 0 | O42: 0 | P42: 0 | Q42: 0 | R42: 0 | S42: 0 | T42: 0 | U42: 0 | V42: 0
C43: 40 | D43: Toalha de rosto | E43: 339039-46 | F43: pç | G43: 1.6 | H43: 50 | I43: =H43-(SUM(K43:V43)) -> 50 | J43: =IF(I43<0,"ATENÇÃO","OK") -> OK | K43: 0 | L43: 0 | M43: 0 | N43: 0 | O43: 0 | P43: 0 | Q43: 0 | R43: 0 | S43: 0 | T43: 0 | U43: 0 | V43: 0
C44: 41 | D44: Fronha | E44: 339039-46 | F44: pç | G44: 1.5 | I44: =H44-(SUM(K44:V44)) -> 0 | J44: =IF(I44<0,"ATENÇÃO","OK") -> OK | K44: 0 | L44: 0 | M44: 0 | N44: 0 | O44: 0 | P44: 0 | Q44: 0 | R44: 0 | S44: 0 | T44: 0 | U44: 0 | V44: 0
C45: 42 | D45: Lençol (materiais diversos) | E45: 339039-46 | F45: pç | G45: 2.84 | I45: =H45-(SUM(K45:V45)) -> 0 | J45: =IF(I45<0,"ATENÇÃO","OK") -> OK | K45: 0 | L45: 0 | M45: 0 | N45: 0 | O45: 0 | P45: 0 | Q45: 0 | R45: 0 | S45: 0 | T45: 0 | U45: 0 | V45: 0
C46: 43 | D46: Jaleco (materiais diversos) | E46: 339039-46 | F46: pç | G46: 2.3 | I46: =H46-(SUM(K46:V46)) -> 0 | J46: =IF(I46<0,"ATENÇÃO","OK") -> OK | K46: 0 | L46: 0 | M46: 0 | N46: 0 | O46: 0 | P46: 0 | Q46: 0 | R46: 0 | S46: 0 | T46: 0 | U46: 0 | V46: 0
C47: 44 | D47: Capa de Microscópio | E47: 339039-46 | F47: pç | G47: 1.15 | I47: =H47-(SUM(K47:V47)) -> 0 | J47: =IF(I47<0,"ATENÇÃO","OK") -> OK | K47: 0 | L47: 0 | M47: 0 | N47: 0 | O47: 0 | P47: 0 | Q47: 0 | R47: 0 | S47: 0 | T47: 0 | U47: 0 | V47: 0
C48: 45 | D48: Persianas | E48: 339039-46 | F48: m² | G48: 7 | I48: =H48-(SUM(K48:V48)) -> 0 | J48: =IF(I48<0,"ATENÇÃO","OK") -> OK | K48: 0 | L48: 0 | M48: 0 | N48: 0 | O48: 0 | P48: 0 | Q48: 0 | R48: 0 | S48: 0 | T48: 0 | U48: 0 | V48: 0
D50: *Prazos de Entrega e de Pagamento conforme Termo de Referência do Edital

Sheet CEFID
A1: PROCESSO: 1254/2014/UDESC | D1: OBJETO: SERVIÇOS DE LAVANDERIA PARA A UDESC | H1: VIGÊNCIA DA ATA: 05/11/2014 até 04/11/2015 | K1: AF/OS nº xxxx/2014 Qtde. DT | L1: AF/OS nº xxxx/2014 Qtde. DT | M1: AF/OS nº xxxx/2014 Qtde. DT | N1: AF/OS nº xxxx/2014 Qtde. DT | O1: AF/OS nº xxxx/2014 Qtde. DT | P1: AF/OS nº xxxx/2014 Qtde. DT | Q1: AF/OS nº xxxx/2014 Qtde. DT | R1: AF/OS nº xxxx/2014 Qtde. DT | S1: AF/OS nº xxxx/2014 Qtde. DT | T1: AF/OS nº xxxx/2014 Qtde. DT | U1: AF/OS nº xxxx/2014 Qtde. DT | V1: AF/OS nº xxxx/2014 Qtde. DT
A2: CENTRO PARTICIPANTE: CEFID
A3: FORNECEDOR | B3: LOTE | C3: ITEM | D3: PRODUTO - CARACTERÍSTICAS MÍNIMAS | E3: ELEMENTO | F3: UNIDADE | G3: Preço UNITÁRIO (R$) | H3: Qtde LICITADA | I3: Saldo / Automático | J3: ALERTA | K3: ...../...../...... | L3: ...../...../...... | M3: ...../...../...... | N3: ...../...../...... | O3: ...../...../...... | P3: ...../...../...... | Q3: ...../...../...... | R3: ...../...../...... | S3: ...../...../...... | T3: ...../...../...... | U3: ...../...../...... | V3: ...../...../......
A4: Happy Clean Lounge e Lavanderia Self-Service Ltda - ME | B4: 1 | C4: 1 | D4: Agasalho sintético (tactel) | E4: 339039-46 | F4: Pç | G4: 5 | H4: 250 | I4: =H4-(SUM(K4:V4)) -> 250 | J4: =IF(I4<0,"ATENÇÃO","OK") -> OK | K4: 0 | L4: 0 | M4: 0 | N4: 0 | O4: 0 | P4: 0 | Q4: 0 | R4: 0 | S4: 0 | T4: 0 | U4: 0 | V4: 0
C5: 2 | D5: Bandeira | E5: 339039-46 | F5: Pç | G5: 4 | H5: 20 | I5: =H5-(SUM(K5:V5)) -> 20 | J5: =IF(I5<0,"ATENÇÃO","OK") -> OK | K5: 0 | L5: 0 | M5: 0 | N5: 0 | O5: 0 | P5: 0 | Q5: 0 | R5: 0 | S5: 0 | T5: 0 | U5: 0 | V5: 0
C6: 3 | D6: Beca de microfibra | E6: 339039-46 | F6: Pç | G6: 9.5 | H6: 160 | I6: =H6-(SUM(K6:V6)) -> 160 | J6: =IF(I6<0,"ATENÇÃO","OK") -> OK | K6: 0 | L6: 0 | M6: 0 | N6: 0 | O6: 0 | P6: 0 | Q6: 0 | R6: 0 | S6: 0 | T6: 0 | U6: 0 | V6: 0
C7: 4 | D7: Bermuda sintética (camisas modalidades esportivas) | E7: 339039-46 | F7: Pç | G7: 3.5 | H7: 700 | I7: =H7-(SUM(K7:V7)) -> 700 | J7: =IF(I7<0,"ATENÇÃO","OK") -> OK | K7: 0 | L7: 0 | M7: 0 | N7: 0 | O7: 0 | P7: 0 | Q7: 0 | R7: 0 | S7: 0 | T7: 0 | U7: 0 | V7: 0
C8: 5 | D8: Blusa de algodão / lã | E8: 339039-46 | F8: Pç | G8: 6 | I8: =H8-(SUM(K8:V8)) -> 0 | J8: =IF(I8<0,"ATENÇÃO","OK") -> OK | K8: 0 | L8: 0 | M8: 0 | N8: 0 | O8: 0 | P8: 0 | Q8: 0 | R8: 0 | S8: 0 | T8: 0 | U8: 0 | V8: 0
C9: 6 | D9: Calça de algodão / lã | E9: 339039-46 | F9: Pç | G9: 4 | I9: =H9-(SUM(K9:V9)) -> 0 | J9: =IF(I9<0,"ATENÇÃO","OK") -> OK | K9: 0 | L9: 0 | M9: 0 | N9: 0 | O9: 0 | P9: 0 | Q9: 0 | R9: 0 | S9: 0 | T9: 0 | U9: 0 | V9: 0
C10: 7 | D10: Calça de goleiro e camisa de goleiro com espuma de proteção nos joelhos, cintura e cotovelos. | E10: 339039-46 | F10: Pç | G10: 4 | H10: 40 | I10: =H10-(SUM(K10:V10)) -> 40 | J10: =IF(I10<0,"ATENÇÃO","OK") -> OK | K10: 0 | L10: 0 | M10: 0 | N10: 0 | O10: 0 | P10: 0 | Q10: 0 | R10: 0 | S10: 0 | T10: 0 | U10: 0 | V10: 0
C11: 8 | D11: Calça sintética (tactel) | E11: 339039-46 | F11: Pç | G11: 4.2 | H11: 50 | I11: =H11-(SUM(K11:V11)) -> 50 | J11: =IF(I11<0,"ATENÇÃO","OK") -> OK | K11: 0 | L11: 0 | M11: 0 | N11: 0 | O11: 0 | P11: 0 | Q11: 0 | R11: 0 | S11: 0 | T11: 0 | U11: 0 | V11: 0
C12: 9 | D12: Camisa de algodão | E12: 339039-46 | F12: Pç | G12: 4.2 | I12: =H12-(SUM(K12:V12)) -> 0 | J12: =IF(I12<0,"ATENÇÃO","OK") -> OK | K12: 0 | L12: 0 | M12: 0 | N12: 0 | O12: 0 | P12: 0 | Q12: 0 | R12: 0 | S12: 0 | T12: 0 | U12: 0 | V12: 0
C13: 10 | D13: Camiseta Polo | E13: 339039-46 | F13: Pç | G13: 3.5 | I13: =H13-(SUM(K13:V13)) -> 0 | J13: =IF(I13<0,"ATENÇÃO","OK") -> OK | K13: 0 | L13: 0 | M13: 0 | N13: 0 | O13: 0 | P13: 0 | Q13: 0 | R13: 0 | S13: 0 | T13: 0 | U13: 0 | V13: 0
C14: 11 | D14: Camiseta regata sintética (basquete) | E14: 339039-46 | F14: Pç | G14: 2.5 | H14: 300 | I14: =H14-(SUM(K14:V14)) -> 300 | J14: =IF(I14<0,"ATENÇÃO","OK") -> OK | K14: 0 | L14: 0 | M14: 0 | N14: 0 | O14: 0 | P14: 0 | Q14: 0 | R14: 0 | S14: 0 | T14: 0 | U14: 0 | V14: 0
C15: 12 | D15: Camiseta sintética (camisas modalidades esportivas) | E15: 339039-46 | F15: Pç | G15: 3.5 | H15: 700 | I15: =H15-(SUM(K15:V15)) -> 700 | J15: =IF(I15<0,"ATENÇÃO","OK") -> OK | K15: 0 | L15: 0 | M15: 0 | N15: 0 | O15: 0 | P15: 0 | Q15: 0 | R15: 0 | S15: 0 | T15: 0 | U15: 0 | V15: 0
C16: 13 | D16: Casaco de algodão | E16: 339039-46 | F16: Pç | G16: 6 | I16: =H16-(SUM(K16:V16)) -> 0 | J16: =IF(I16<0,"ATENÇÃO","OK") -> OK | K16: 0 | L16: 0 | M16: 0 | N16: 0 | O16: 0 | P16: 0 | Q16: 0 | R16: 0 | S16: 0 | T16: 0 | U16: 0 | V16: 0
C17: 14 | D17: Casaco de couro / Jeans / Sintético | E17: 339039-46 | F17: Pç | G17: 7 | I17: =H17-(SUM(K17:V17)) -> 0 | J17: =IF(I17<0,"ATENÇÃO","OK") -> OK | K17: 0 | L17: 0 | M17: 0 | N17: 0 | O17: 0 | P17: 0 | Q17: 0 | R17: 0 | S17: 0 | T17: 0 | U17: 0 | V17: 0
C18: 15 | D18: Chapéu | E18: 339039-46 | F18: Pç | G18: 4 | I18: =H18-(SUM(K18:V18)) -> 0 | J18: =IF(I18<0,"ATENÇÃO","OK") -> OK | K18: 0 | L18: 0 | M18: 0 | N18: 0 | O18: 0 | P18: 0 | Q18: 0 | R18: 0 | S18: 0 | T18: 0 | U18: 0 | V18: 0
C19: 16 | D19: Cinto sintético | E19: 339039-46 | F19: Pç | G19: 3.05 | I19: =H19-(SUM(K19:V19)) -> 0 | J19: =IF(I19<0,"ATENÇÃO","OK") -> OK | K19: 0 | L19: 0 | M19: 0 | N19: 0 | O19: 0 | P19: 0 | Q19: 0 | R19: 0 | S19: 0 | T19: 0 | U19: 0 | V19: 0
C20: 17 | D20: Colete sintético (babeiro) | E20: 339039-46 | F20: Pç | G20: 0.5 | H20: 20000 | I20: =H20-(SUM(K20:V20)) -> 20000 | J20: =IF(I20<0,"ATENÇÃO","OK") -> OK | K20: 0 | L20: 0 | M20: 0 | N20: 0 | O20: 0 | P20: 0 | Q20: 0 | R20: 0 | S20: 0 | T20: 0 | U20: 0 | V20: 0
C21: 18 | D21: Cortina blackout / Cortina de algodão / Cortina de cetim e material sintético / Cortina de gorgurão / Cortina de veludo / Cortinas em algodão de 92 m² / Forro de cortina / Voil de cortina | E21: 339039-46 | F21: Kg | G21: 9 | H21: 424 | I21: =H21-(SUM(K21:V21)) -> 424 | J21: =IF(I21<0,"ATENÇÃO","OK") -> OK | K21: 0 | L21: 0 | M21: 0 | N21: 0 | O21: 0 | P21: 0 | Q21: 0 | R21: 0 | S21: 0 | T21: 0 | U21: 0 | V21: 0
C22: 19 | D22: Faixa de cetim | E22: 339039-46 | F22: Pç | G22: 2 | H22: 30 | I22: =H22-(SUM(K22:V22)) -> 30 | J22: =IF(I22<0,"ATENÇÃO","OK") -> OK | K22: 0 | L22: 0 | M22: 0 | N22: 0 | O22: 0 | P22: 0 | Q22: 0 | R22: 0 | S22: 0 | T22: 0 | U22: 0 | V22: 0
C23: 20 | D23: Fantasia infantil | E23: 339039-46 | F23: Pç | G23: 5 | I23: =H23-(SUM(K23:V23)) -> 0 | J23: =IF(I23<0,"ATENÇÃO","OK") -> OK | K23: 0 | L23: 0 | M23: 0 | N23: 0 | O23: 0 | P23: 0 | Q23: 0 | R23: 0 | S23: 0 | T23: 0 | U23: 0 | V23: 0
C24: 21 | D24: Gravata (materiais diversos) | E24: 339039-46 | F24: Pç | G24: 3 | I24: =H24-(SUM(K24:V24)) -> 0 | J24: =IF(I24<0,"ATENÇÃO","OK") -> OK | K24: 0 | L24: 0 | M24: 0 | N24: 0 | O24: 0 | P24: 0 | Q24: 0 | R24: 0 | S24: 0 | T24: 0 | U24: 0 | V24: 0
C25: 22 | D25: Jabô de renda / de algodão com aplicação em renda | E25: 339039-46 | F25: Pç | G25: 3.5 | H25: 60 | I25: =H25-(SUM(K25:V25)) -> 60 | J25: =IF(I25<0,"ATENÇÃO","OK") -> OK | K25: 0 | L25: 0 | M25: 0 | N25: 0 | O25: 0 | P25: 0 | Q25: 0 | R25: 0 | S25: 0 | T25: 0 | U25: 0 | V25: 0
C26: 23 | D26: Jaqueta de lã | E26: 339039-46 | F26: Pç | G26: 6 | I26: =H26-(SUM(K26:V26)) -> 0 | J26: =IF(I26<0,"ATENÇÃO","OK") -> OK | K26: 0 | L26: 0 | M26: 0 | N26: 0 | O26: 0 | P26: 0 | Q26: 0 | R26: 0 | S26: 0 | T26: 0 | U26: 0 | V26: 0
C27: 24 | D27: Legging sintético | E27: 339039-46 | F27: Pç | G27: 4 | I27: =H27-(SUM(K27:V27)) -> 0 | J27: =IF(I27<0,"ATENÇÃO","OK") -> OK | K27: 0 | L27: 0 | M27: 0 | N27: 0 | O27: 0 | P27: 0 | Q27: 0 | R27: 0 | S27: 0 | T27: 0 | U27: 0 | V27: 0
C28: 25 | D28: Macacão de algodão | E28: 339039-46 | F28: Pç | G28: 6 | I28: =H28-(SUM(K28:V28)) -> 0 | J28: =IF(I28<0,"ATENÇÃO","OK") -> OK | K28: 0 | L28: 0 | M28: 0 | N28: 0 | O28: 0 | P28: 0 | Q28: 0 | R28: 0 | S28: 0 | T28: 0 | U28: 0 | V28: 0
C29: 26 | D29: Manta tamanho até 2,2mX1,8m | E29: 339039-46 | F29: Pç | G29: 10 | I29: =H29-(SUM(K29:V29)) -> 0 | J29: =IF(I29<0,"ATENÇÃO","OK") -> OK | K29: 0 | L29: 0 | M29: 0 | N29: 0 | O29: 0 | P29: 0 | Q29: 0 | R29: 0 | S29: 0 | T29: 0 | U29: 0 | V29: 0
C30: 27 | D30: Meião | E30: 339039-46 | F30: Pç | G30: 1.6 | H30: 300 | I30: =H30-(SUM(K30:V30)) -> 300 | J30: =IF(I30<0,"ATENÇÃO","OK") -> OK | K30: 0 | L30: 0 | M30: 0 | N30: 0 | O30: 0 | P30: 0 | Q30: 0 | R30: 0 | S30: 0 | T30: 0 | U30: 0 | V30: 0
C31: 28 | D31: Paletó | E31: 339039-46 | F31: Pç | G31: 8 | I31: =H31-(SUM(K31:V31)) -> 0 | J31: =IF(I31<0,"ATENÇÃO","OK") -> OK | K31: 0 | L31: 0 | M31: 0 | N31: 0 | O31: 0 | P31: 0 | Q31: 0 | R31: 0 | S31: 0 | T31: 0 | U31: 0 | V31: 0
C32: 29 | D32: Saia curta / longa de algodão / de couro / jeans / sintética | E32: 339039-46 | F32: Pç | G32: 3 | I32: =H32-(SUM(K32:V32)) -> 0 | J32: =IF(I32<0,"ATENÇÃO","OK") -> OK | K32: 0 | L32: 0 | M32: 0 | N32: 0 | O32: 0 | P32: 0 | Q32: 0 | R32: 0 | S32: 0 | T32: 0 | U32: 0 | V32: 0
C33: 30 | D33: Samarra de microfibra | E33: 339039-46 | F33: Pç | G33: 7.5 | H33: 15 | I33: =H33-(SUM(K33:V33)) -> 15 | J33: =IF(I33<0,"ATENÇÃO","OK") -> OK | K33: 0 | L33: 0 | M33: 0 | N33: 0 | O33: 0 | P33: 0 | Q33: 0 | R33: 0 | S33: 0 | T33: 0 | U33: 0 | V33: 0
C34: 31 | D34: Tapete | E34: 339039-46 | F34: m² | G34: 17 | H34: 30 | I34: =H34-(SUM(K34:V34)) -> 30 | J34: =IF(I34<0,"ATENÇÃO","OK") -> OK | K34: 0 | L34: 0 | M34: 0 | N34: 0 | O34: 0 | P34: 0 | Q34: 0 | R34: 0 | S34: 0 | T34: 0 | U34: 0 | V34: 0
C35: 32 | D35: Toalhas de mesa tamanhos diversos (até 15m²), de algodão / poliester / de renda / | E35: 339039-46 | F35: Kg | G35: 9 | H35: 70 | I35: =H35-(SUM(K35:V35)) -> 70 | J35: =IF(I35<0,"ATENÇÃO","OK") -> OK | K35: 0 | L35: 0 | M35: 0 | N35: 0 | O35: 0 | P35: 0 | Q35: 0 | R35: 0 | S35: 0 | T35: 0 | U35: 0 | V35: 0
C36: 33 | D36: Uniforme de Judô | E36: 339039-46 | F36: Pç | G36: 9 | H36: 40 | I36: =H36-(SUM(K36:V36)) -> 40 | J36: =IF(I36<0,"ATENÇÃO","OK") -> OK | K36: 0 | L36: 0 | M36: 0 | N36: 0 | O36: 0 | P36: 0 | Q36: 0 | R36: 0 | S36: 0 | T36: 0 | U36: 0 | V36: 0
C37: 34 | D37: Vestido sintético | E37: 339039-46 | F37: Pç | G37: 5 | I37: =H37-(SUM(K37:V37)) -> 0 | J37: =IF(I37<0,"ATENÇÃO","OK") -> OK | K37: 0 | L37: 0 | M37: 0 | N37: 0 | O37: 0 | P37: 0 | Q37: 0 | R37: 0 | S37: 0 | T37: 0 | U37: 0 | V37: 0
C38: 35 | D38: Colete de brim (coletes utilizados na fiscalização de vestibulares e concursos) | E38: 339039-46 | F38: Pç | G38: 3.2 | I38: =H38-(SUM(K38:V38)) -> 0 | J38: =IF(I38<0,"ATENÇÃO","OK") -> OK | K38: 0 | L38: 0 | M38: 0 | N38: 0 | O38: 0 | P38: 0 | Q38: 0 | R38: 0 | S38: 0 | T38: 0 | U38: 0 | V38: 0
C39: 36 | D39: Capara para instrumentos musicais | E39: 339039-46 | F39: kg | G39: 9 | I39: =H39-(SUM(K39:V39)) -> 0 | J39: =IF(I39<0,"ATENÇÃO","OK") -> OK | K39: 0 | L39: 0 | M39: 0 | N39: 0 | O39: 0 | P39: 0 | Q39: 0 | R39: 0 | S39: 0 | T39: 0 | U39: 0 | V39: 0
C40: 37 | D40: Manta para cobrir pianos | E40: 339039-46 | F40: kg | G40: 9 | I40: =H40-(SUM(K40:V40)) -> 0 | J40: =IF(I40<0,"ATENÇÃO","OK") -> OK | K40: 0 | L40: 0 | M40: 0 | N40: 0 | O40: 0 | P40: 0 | Q40: 0 | R40: 0 | S40: 0 | T40: 0 | U40: 0 | V40: 0
C41: 38 | D41: Tapete | E41: 339039-46 | F41: kg | G41: 9 | I41: =H41-(SUM(K41:V41)) -> 0 | J41: =IF(I41<0,"ATENÇÃO","OK") -> OK | K41: 0 | L41: 0 | M41: 0 | N41: 0 | O41: 0 | P41: 0 | Q41: 0 | R41: 0 | S41: 0 | T41: 0 | U41: 0 | V41: 0
C42: 39 | D42: Toalha de banho | E42: 339039-46 | F42: pç | G42: 2.6 | H42: 1100 | I42: =H42-(SUM(K42:V42)) -> 1100 | J42: =IF(I42<0,"ATENÇÃO","OK") -> OK | K42: 0 | L42: 0 | M42: 0 | N42: 0 | O42: 0 | P42: 0 | Q42: 0 | R42: 0 | S42: 0 | T42: 0 | U42: 0 | V42: 0
C43: 40 | D43: Toalha de rosto | E43: 339039-46 | F43: pç | G43: 1.6 | H43: 2100 | I43: =H43-(SUM(K43:V43)) -> 2100 | J43: =IF(I43<0,"ATENÇÃO","OK") -> OK | K43: 0 | L43: 0 | M43: 0 | N43: 0 | O43: 0 | P43: 0 | Q43: 0 | R43: 0 | S43: 0 | T43: 0 | U43: 0 | V43: 0
C44: 41 | D44: Fronha | E44: 339039-46 | F44: pç | G44: 1.5 | H44: 5700 | I44: =H44-(SUM(K44:V44)) -> 5700 | J44: =IF(I44<0,"ATENÇÃO","OK") -> OK | K44: 0 | L44: 0 | M44: 0 | N44: 0 | O44: 0 | P44: 0 | Q44: 0 | R44: 0 | S44: 0 | T44: 0 | U44: 0 | V44: 0
C45: 42 | D45: Lençol (materiais diversos) | E45: 339039-46 | F45: pç | G45: 2.84 | H45: 7200 | I45: =H45-(SUM(K45:V45)) -> 7200 | J45: =IF(I45<0,"ATENÇÃO","OK") -> OK | K45: 0 | L45: 0 | M45: 0 | N45: 0 | O45: 0 | P45: 0 | Q45: 0 | R45: 0 | S45: 0 | T45: 0 | U45: 0 | V45: 0
C46: 43 | D46: Jaleco (materiais diversos) | E46: 339039-46 | F46: pç | G46: 2.3 | H46: 212 | I46: =H46-(SUM(K46:V46)) -> 212 | J46: =IF(I46<0,"ATENÇÃO","OK") -> OK | K46: 0 | L46: 0 | M46: 0 | N46: 0 | O46: 0 | P46: 0 | Q46: 0 | R46: 0 | S46: 0 | T46: 0 | U46: 0 | V46: 0
C47: 44 | D47: Capa de Microscópio | E47: 339039-46 | F47: pç | G47: 1.15 | H47: 80 | I47: =H47-(SUM(K47:V47)) -> 80 | J47: =IF(I47<0,"ATENÇÃO","OK") -> OK | K47: 0 | L47: 0 | M47: 0 | N47: 0 | O47: 0 | P47: 0 | Q47: 0 | R47: 0 | S47: 0 | T47: 0 | U47: 0 | V47: 0
C48: 45 | D48: Persianas | E48: 339039-46 | F48: m² | G48: 7 | H48: 300 | I48: =H48-(SUM(K48:V48)) -> 300 | J48: =IF(I48<0,"ATENÇÃO","OK") -> OK | K48: 0 | L48: 0 | M48: 0 | N48: 0 | O48: 0 | P48: 0 | Q48: 0 | R48: 0 | S48: 0 | T48: 0 | U48: 0 | V48: 0
D50: *Prazos de Entrega e de Pagamento conforme Termo de Referência do Edital

Sheet CESFI
A1: PROCESSO: 1254/2014/UDESC | D1: OBJETO: SERVIÇOS DE LAVANDERIA PARA A UDESC | H1: VIGÊNCIA DA ATA: 05/11/2014 até 04/11/2015 | K1: AF/OS nº xxxx/2014 Qtde. DT | L1: AF/OS nº xxxx/2014 Qtde. DT | M1: AF/OS nº xxxx/2014 Qtde. DT | N1: AF/OS nº xxxx/2014 Qtde. DT | O1: AF/OS nº xxxx/2014 Qtde. DT | P1: AF/OS nº xxxx/2014 Qtde. DT | Q1: AF/OS nº xxxx/2014 Qtde. DT | R1: AF/OS nº xxxx/2014 Qtde. DT | S1: AF/OS nº xxxx/2014 Qtde. DT | T1: AF/OS nº xxxx/2014 Qtde. DT | U1: AF/OS nº xxxx/2014 Qtde. DT | V1: AF/OS nº xxxx/2014 Qtde. DT
A2: CENTRO PARTICIPANTE: CESFI
A3: FORNECEDOR | B3: LOTE | C3: ITEM | D3: PRODUTO - CARACTERÍSTICAS MÍNIMAS | E3: ELEMENTO | F3: UNIDADE | G3: Preço UNITÁRIO (R$) | H3: Qtde LICITADA | I3: Saldo / Automático | J3: ALERTA | K3: ...../...../...... | L3: ...../...../...... | M3: ...../...../...... | N3: ...../...../...... | O3: ...../...../...... | P3: ...../...../...... | Q3: ...../...../...... | R3: ...../...../...... | S3: ...../...../...... | T3: ...../...../...... | U3: ...../...../...... | V3: ...../...../......
A4: Happy Clean Lounge e Lavanderia Self-Service Ltda - ME | B4: 1 | C4: 1 | D4: Agasalho sintético (tactel) | E4: 339039-46 | F4: Pç | G4: 5 | H4: 300 | I4: =H4-(SUM(K4:V4)) -> 300 | J4: =IF(I4<0,"ATENÇÃO","OK") -> OK | K4: 0 | L4: 0 | M4: 0 | N4: 0 | O4: 0 | P4: 0 | Q4: 0 | R4: 0 | S4: 0 | T4: 0 | U4: 0 | V4: 0
C5: 2 | D5: Bandeira | E5: 339039-46 | F5: Pç | G5: 4 | H5: 30 | I5: =H5-(SUM(K5:V5)) -> 30 | J5: =IF(I5<0,"ATENÇÃO","OK") -> OK | K5: 0 | L5: 0 | M5: 0 | N5: 0 | O5: 0 | P5: 0 | Q5: 0 | R5: 0 | S5: 0 | T5: 0 | U5: 0 | V5: 0
C6: 3 | D6: Beca de microfibra | E6: 339039-46 | F6: Pç | G6: 9.5 | I6: =H6-(SUM(K6:V6)) -> 0 | J6: =IF(I6<0,"ATENÇÃO","OK") -> OK | K6: 0 | L6: 0 | M6: 0 | N6: 0 | O6: 0 | P6: 0 | Q6: 0 | R6: 0 | S6: 0 | T6: 0 | U6: 0 | V6: 0
C7: 4 | D7: Bermuda sintética (camisas modalidades esportivas) | E7: 339039-46 | F7: Pç | G7: 3.5 | H7: 500 | I7: =H7-(SUM(K7:V7)) -> 500 | J7: =IF(I7<0,"ATENÇÃO","OK") -> OK | K7: 0 | L7: 0 | M7: 0 | N7: 0 | O7: 0 | P7: 0 | Q7: 0 | R7: 0 | S7: 0 | T7: 0 | U7: 0 | V7: 0
C8: 5 | D8: Blusa de algodão / lã | E8: 339039-46 | F8: Pç | G8: 6 | I8: =H8-(SUM(K8:V8)) -> 0 | J8: =IF(I8<0,"ATENÇÃO","OK") -> OK | K8: 0 | L8: 0 | M8: 0 | N8: 0 | O8: 0 | P8: 0 | Q8: 0 | R8: 0 | S8: 0 | T8: 0 | U8: 0 | V8: 0
C9: 6 | D9: Calça de algodão / lã | E9: 339039-46 | F9: Pç | G9: 4 | I9: =H9-(SUM(K9:V9)) -> 0 | J9: =IF(I9<0,"ATENÇÃO","OK") -> OK | K9: 0 | L9: 0 | M9: 0 | N9: 0 | O9: 0 | P9: 0 | Q9: 0 | R9: 0 | S9: 0 | T9: 0 | U9: 0 | V9: 0
C10: 7 | D10: Calça de goleiro e camisa de goleiro com espuma de proteção nos joelhos, cintura e cotovelos. | E10: 339039-46 | F10: Pç | G10: 4 | H10: 50 | I10: =H10-(SUM(K10:V10)) -> 50 | J10: =IF(I10<0,"ATENÇÃO","OK") -> OK | K10: 0 | L10: 0 | M10: 0 | N10: 0 | O10: 0 | P10: 0 | Q10: 0 | R10: 0 | S10: 0 | T10: 0 | U10: 0 | V10: 0
C11: 8 | D11: Calça sintética (tactel) | E11: 339039-46 | F11: Pç | G11: 4.2 | H11: 300 | I11: =H11-(SUM(K11:V11)) -> 300 | J11: =IF(I11<0,"ATENÇÃO","OK") -> OK | K11: 0 | L11: 0 | M11: 0 | N11: 0 | O11: 0 | P11: 0 | Q11: 0 | R11: 0 | S11: 0 | T11: 0 | U11: 0 | V11: 0
C12: 9 | D12: Camisa de algodão | E12: 339039-46 | F12: Pç | G12: 4.2 | H12: 200 | I12: =H12-(SUM(K12:V12)) -> 200 | J12: =IF(I12<0,"ATENÇÃO","OK") -> OK | K12: 0 | L12: 0 | M12: 0 | N12: 0 | O12: 0 | P12: 0 | Q12: 0 | R12: 0 | S12: 0 | T12: 0 | U12: 0 | V12: 0
C13: 10 | D13: Camiseta Polo | E13: 339039-46 | F13: Pç | G13: 3.5 | H13: 200 | I13: =H13-(SUM(K13:V13)) -> 200 | J13: =IF(I13<0,"ATENÇÃO","OK") -> OK | K13: 0 | L13: 0 | M13: 0 | N13: 0 | O13: 0 | P13: 0 | Q13: 0 | R13: 0 | S13: 0 | T13: 0 | U13: 0 | V13: 0
C14: 11 | D14: Camiseta regata sintética (basquete) | E14: 339039-46 | F14: Pç | G14: 2.5 | H14: 200 | I14: =H14-(SUM(K14:V14)) -> 200 | J14: =IF(I14<0,"ATENÇÃO","OK") -> OK | K14: 0 | L14: 0 | M14: 0 | N14: 0 | O14: 0 | P14: 0 | Q14: 0 | R14: 0 | S14: 0 | T14: 0 | U14: 0 | V14: 0
C15: 12 | D15: Camiseta sintética (camisas modalidades esportivas) | E15: 339039-46 | F15: Pç | G15: 3.5 | H15: 600 | I15: =H15-(SUM(K15:V15)) -> 600 | J15: =IF(I15<0,"ATENÇÃO","OK") -> OK | K15: 0 | L15: 0 | M15: 0 | N15: 0 | O15: 0 | P15: 0 | Q15: 0 | R15: 0 | S15: 0 | T15: 0 | U15: 0 | V15: 0
C16: 13 | D16: Casaco de algodão | E16: 339039-46 | F16: Pç | G16: 6 | I16: =H16-(SUM(K16:V16)) -> 0 | J16: =IF(I16<0,"ATENÇÃO","OK") -> OK | K16: 0 | L16: 0 | M16: 0 | N16: 0 | O16: 0 | P16: 0 | Q16: 0 | R16: 0 | S16: 0 | T16: 0 | U16: 0 | V16: 0
C17: 14 | D17: Casaco de couro / Jeans / Sintético | E17: 339039-46 | F17: Pç | G17: 7 | I17: =H17-(SUM(K17:V17)) -> 0 | J17: =IF(I17<0,"ATENÇÃO","OK") -> OK | K17: 0 | L17: 0 | M17: 0 | N17: 0 | O17: 0 | P17: 0 | Q17: 0 | R17: 0 | S17: 0 | T17: 0 | U17: 0 | V17: 0
C18: 15 | D18: Chapéu | E18: 339039-46 | F18: Pç | G18: 4 | I18: =H18-(SUM(K18:V18)) -> 0 | J18: =IF(I18<0,"ATENÇÃO","OK") -> OK | K18: 0 | L18: 0 | M18: 0 | N18: 0 | O18: 0 | P18: 0 | Q18: 0 | R18: 0 | S18: 0 | T18: 0 | U18: 0 | V18: 0
C19: 16 | D19: Cinto sintético | E19: 339039-46 | F19: Pç | G19: 3.05 | I19: =H19-(SUM(K19:V19)) -> 0 | J19: =IF(I19<0,"ATENÇÃO","OK") -> OK | K19: 0 | L19: 0 | M19: 0 | N19: 0 | O19: 0 | P19: 0 | Q19: 0 | R19: 0 | S19: 0 | T19: 0 | U19: 0 | V19: 0
C20: 17 | D20: Colete sintético (babeiro) | E20: 339039-46 | F20: Pç | G20: 0.5 | I20: =H20-(SUM(K20:V20)) -> 0 | J20: =IF(I20<0,"ATENÇÃO","OK") -> OK | K20: 0 | L20: 0 | M20: 0 | N20: 0 | O20: 0 | P20: 0 | Q20: 0 | R20: 0 | S20: 0 | T20: 0 | U20: 0 | V20: 0
C21: 18 | D21: Cortina blackout / Cortina de algodão / Cortina de cetim e material sintético / Cortina de gorgurão / Cortina de veludo / Cortinas em algodão de 92 m² / Forro de cortina / Voil de cortina | E21: 339039-46 | F21: Kg | G21: 9 | I21: =H21-(SUM(K21:V21)) -> 0 | J21: =IF(I21<0,"ATENÇÃO","OK") -> OK | K21: 0 | L21: 0 | M21: 0 | N21: 0 | O21: 0 | P21: 0 | Q21: 0 | R21: 0 | S21: 0 | T21: 0 | U21: 0 | V21: 0
C22: 19 | D22: Faixa de cetim | E22: 339039-46 | F22: Pç | G22: 2 | I22: =H22-(SUM(K22:V22)) -> 0 | J22: =IF(I22<0,"ATENÇÃO","OK") -> OK | K22: 0 | L22: 0 | M22: 0 | N22: 0 | O22: 0 | P22: 0 | Q22: 0 | R22: 0 | S22: 0 | T22: 0 | U22: 0 | V22: 0
C23: 20 | D23: Fantasia infantil | E23: 339039-46 | F23: Pç | G23: 5 | I23: =H23-(SUM(K23:V23)) -> 0 | J23: =IF(I23<0,"ATENÇÃO","OK") -> OK | K23: 0 | L23: 0 | M23: 0 | N23: 0 | O23: 0 | P23: 0 | Q23: 0 | R23: 0 | S23: 0 | T23: 0 | U23: 0 | V23: 0
C24: 21 | D24: Gravata (materiais diversos) | E24: 339039-46 | F24: Pç | G24: 3 | I24: =H24-(SUM(K24:V24)) -> 0 | J24: =IF(I24<0,"ATENÇÃO","OK") -> OK | K24: 0 | L24: 0 | M24: 0 | N24: 0 | O24: 0 | P24: 0 | Q24: 0 | R24: 0 | S24: 0 | T24: 0 | U24: 0 | V24: 0
C25: 22 | D25: Jabô de renda / de algodão com aplicação em renda | E25: 339039-46 | F25: Pç | G25: 3.5 | I25: =H25-(SUM(K25:V25)) -> 0 | J25: =IF(I25<0,"ATENÇÃO","OK") -> OK | K25: 0 | L25: 0 | M25: 0 | N25: 0 | O25: 0 | P25: 0 | Q25: 0 | R25: 0 | S25: 0 | T25: 0 | U25: 0 | V25: 0
C26: 23 | D26: Jaqueta de lã | E26: 339039-46 | F26: Pç | G26: 6 | I26: =H26-(SUM(K26:V26)) -> 0 | J26: =IF(I26<0,"ATENÇÃO","OK") -> OK | K26: 0 | L26: 0 | M26: 0 | N26: 0 | O26: 0 | P26: 0 | Q26: 0 | R26: 0 | S26: 0 | T26: 0 | U26: 0 | V26: 0
C27: 24 | D27: Legging sintético | E27: 339039-46 | F27: Pç | G27: 4 | I27: =H27-(SUM(K27:V27)) -> 0 | J27: =IF(I27<0,"ATENÇÃO","OK") -> OK | K27: 0 | L27: 0 | M27: 0 | N27: 0 | O27: 0 | P27: 0 | Q27: 0 | R27: 0 | S27: 0 | T27: 0 | U27: 0 | V27: 0
... C33: 30 | D33: Samarra de microfibra | E33: 339039-46 | F33: Pç | G33: 7.5 | I33: =H33-(SUM(K33:V33)) -> 0 | J33: =IF(I33<0,"ATENÇÃO","OK") -> OK | K33: 0 | L33: 0 | M33: 0 | N33: 0 | O33: 0 | P33: 0 | Q33: 0 | R33: 0 | S33: 0 | T33: 0 | U33: 0 | V33: 0
C34: 31 | D34: Tapete | E34: 339039-46 | F34: m² | G34: 17 | H34: 50 | I34: =H34-(SUM(K34:V34)) -> 50 | J34: =IF(I34<0,"ATENÇÃO","OK") -> OK | K34: 0 | L34: 0 | M34: 0 | N34: 0 | O34: 0 | P34: 0 | Q34: 0 | R34: 0 | S34: 0 | T34: 0 | U34: 0 | V34: 0
C35: 32 | D35: Toalhas de mesa tamanhos diversos (até 15m²), de algodão / poliester / de renda / | E35: 339039-46 | F35: Kg | G35: 9 | I35: =H35-(SUM(K35:V35)) -> 0 | J35: =IF(I35<0,"ATENÇÃO","OK") -> OK | K35: 0 | L35: 0 | M35: 0 | N35: 0 | O35: 0 | P35: 0 | Q35: 0 | R35: 0 | S35: 0 | T35: 0 | U35: 0 | V35: 0
C36: 33 | D36: Uniforme de Judô | E36: 339039-46 | F36: Pç | G36: 9 | I36: =H36-(SUM(K36:V36)) -> 0 | J36: =IF(I36<0,"ATENÇÃO","OK") -> OK | K36: 0 | L36: 0 | M36: 0 | N36: 0 | O36: 0 | P36: 0 | Q36: 0 | R36: 0 | S36: 0 | T36: 0 | U36: 0 | V36: 0
C37: 34 | D37: Vestido sintético | E37: 339039-46 | F37: Pç | G37: 5 | I37: =H37-(SUM(K37:V37)) -> 0 | J37: =IF(I37<0,"ATENÇÃO","OK") -> OK | K37: 0 | L37: 0 | M37: 0 | N37: 0 | O37: 0 | P37: 0 | Q37: 0 | R37: 0 | S37: 0 | T37: 0 | U37: 0 | V37: 0
C38: 35 | D38: Colete de brim (coletes utilizados na fiscalização de vestibulares e concursos) | E38: 339039-46 | F38: Pç | G38: 3.2 | I38: =H38-(SUM(K38:V38)) -> 0 | J38: =IF(I38<0,"ATENÇÃO","OK") -> OK | K38: 0 | L38: 0 | M38: 0 | N38: 0 | O38: 0 | P38: 0 | Q38: 0 | R38: 0 | S38: 0 | T38: 0 | U38: 0 | V38: 0
C39: 36 | D39: Capara para instrumentos musicais | E39: 339039-46 | F39: kg | G39: 9 | I39: =H39-(SUM(K39:V39)) -> 0 | J39: =IF(I39<0,"ATENÇÃO","OK") -> OK | K39: 0 | L39: 0 | M39: 0 | N39: 0 | O39: 0 | P39: 0 | Q39: 0 | R39: 0 | S39: 0 | T39: 0 | U39: 0 | V39: 0
C40: 37 | D40: Manta para cobrir pianos | E40: 339039-46 | F40: kg | G40: 9 | I40: =H40-(SUM(K40:V40)) -> 0 | J40: =IF(I40<0,"ATENÇÃO","OK") -> OK | K40: 0 | L40: 0 | M40: 0 | N40: 0 | O40: 0 | P40: 0 | Q40: 0 | R40: 0 | S40: 0 | T40: 0 | U40: 0 | V40: 0
C41: 38 | D41: Tapete | E41: 339039-46 | F41: kg | G41: 9 | I41: =H41-(SUM(K41:V41)) -> 0 | J41: =IF(I41<0,"ATENÇÃO","OK") -> OK | K41: 0 | L41: 0 | M41: 0 | N41: 0 | O41: 0 | P41: 0 | Q41: 0 | R41: 0 | S41: 0 | T41: 0 | U41: 0 | V41: 0
C42: 39 | D42: Toalha de banho | E42: 339039-46 | F42: pç | G42: 2.6 | I42: =H42-(SUM(K42:V42)) -> 0 | J42: =IF(I42<0,"ATENÇÃO","OK") -> OK | K42: 0 | L42: 0 | M42: 0 | N42: 0 | O42: 0 | P42: 0 | Q42: 0 | R42: 0 | S42: 0 | T42: 0 | U42: 0 | V42: 0
C43: 40 | D43: Toalha de rosto | E43: 339039-46 | F43: pç | G43: 1.6 | I43: =H43-(SUM(K43:V43)) -> 0 | J43: =IF(I43<0,"ATENÇÃO","OK") -> OK | K43: 0 | L43: 0 | M43: 0 | N43: 0 | O43: 0 | P43: 0 | Q43: 0 | R43: 0 | S43: 0 | T43: 0 | U43: 0 | V43: 0
C44: 41 | D44: Fronha | E44: 339039-46 | F44: pç | G44: 1.5 | I44: =H44-(SUM(K44:V44)) -> 0 | J44: =IF(I44<0,"ATENÇÃO","OK") -> OK | K44: 0 | L44: 0 | M44: 0 | N44: 0 | O44: 0 | P44: 0 | Q44: 0 | R44: 0 | S44: 0 | T44: 0 | U44: 0 | V44: 0
C45: 42 | D45: Lençol (materiais diversos) | E45: 339039-46 | F45: pç | G45: 2.84 | I45: =H45-(SUM(K45:V45)) -> 0 | J45: =IF(I45<0,"ATENÇÃO","OK") -> OK | K45: 0 | L45: 0 | M45: 0 | N45: 0 | O45: 0 | P45: 0 | Q45: 0 | R45: 0 | S45: 0 | T45: 0 | U45: 0 | V45: 0
C46: 43 | D46: Jaleco (materiais diversos) | E46: 339039-46 | F46: pç | G46: 2.3 | I46: =H46-(SUM(K46:V46)) -> 0 | J46: =IF(I46<0,"ATENÇÃO","OK") -> OK | K46: 0 | L46: 0 | M46: 0 | N46: 0 | O46: 0 | P46: 0 | Q46: 0 | R46: 0 | S46: 0 | T46: 0 | U46: 0 | V46: 0
... C48: 45 | D48: Persianas | E48: 339039-46 | F48: m² | G48: 7 | I48: =H48-(SUM(K48:V48)) -> 0 | J48: =IF(I48<0,"ATENÇÃO","OK") -> OK | K48: 0 | L48: 0 | M48: 0 | N48: 0 | O48: 0 | P48: 0 | Q48: 0 | R48: 0 | S48: 0 | T48: 0 | U48: 0 | V48: 0
D50: *Prazos de Entrega e de Pagamento conforme Termo de Referência do Edital

Sheet GESTOR
A1: PROCESSO: 1254/2014/UDESC | D1: OBJETO: SERVIÇOS DE LAVANDERIA PARA A UDESC | H1: VIGÊNCIA DA ATA: 05/11/2014 até 04/11/2015
A2: CENTRO PARTICIPANTE: COVEST, PROEX e + 7 Centros
A3: FORNECEDOR | B3: LOTE | C3: ITEM | D3: PRODUTO - CARACTERÍSTICAS MÍNIMAS | E3: ELEMENTO | F3: UNIDADE | G3: Preço UNITÁRIO (R$) | H3: Qtde LICITADA | I3: Quantidade Utilizada | J3: SALDO
A4: Happy Clean Lounge e Lavanderia Self-Service Ltda - ME | B4: 1 | C4: 1 | D4: Agasalho sintético (tactel) | E4: 339039-46 | F4: Pç | G4: 5 | H4: =COVEST!H4+PROEX!H4+FAED!H4+CERES!H4+ESAG!H4+CEART!H4+CEAD!H4+CEFID!H4+CESFI!H4 -> 1700 | I4: =(COVEST!H4-COVEST!I4)+(PROEX!H4-PROEX!I4)+(FAED!H4-FAED!I4)+(CERES!H4-CERES!I4)+(ESAG!H4-ESAG!I4)+(CEART!H4-CEART!I4)+(CEAD!H4-CEAD!I4)+(CEFID!H4-CEFID!I4)+(CESFI!H4-CESFI!I4) -> 0 | J4: =H4-I4 -> 1700
C5: 2 | D5: Bandeira | E5: 339039-46 | F5: Pç | G5: 4 | H5: =COVEST!H5+PROEX!H5+FAED!H5+CERES!H5+ESAG!H5+CEART!H5+CEAD!H5+CEFID!H5+CESFI!H5 -> 118 | I5: =(COVEST!H5-COVEST!I5)+(PROEX!H5-PROEX!I5)+(FAED!H5-FAED!I5)+(CERES!H5-CERES!I5)+(ESAG!H5-ESAG!I5)+(CEART!H5-CEART!I5)+(CEAD!H5-CEAD!I5)+(CEFID!H5-CEFID!I5)+(CESFI!H5-CESFI!I5) -> 0 | J5: =H5-I5 -> 118
C6: 3 | D6: Beca de microfibra | E6: 339039-46 | F6: Pç | G6: 9.5 | H6: =COVEST!H6+PROEX!H6+FAED!H6+CERES!H6+ESAG!H6+CEART!H6+CEAD!H6+CEFID!H6+CESFI!H6 -> 1670 | I6: =(COVEST!H6-COVEST!I6)+(PROEX!H6-PROEX!I6)+(FAED!H6-FAED!I6)+(CERES!H6-CERES!I6)+(ESAG!H6-ESAG!I6)+(CEART!H6-CEART!I6)+(CEAD!H6-CEAD!I6)+(CEFID!H6-CEFID!I6)+(CESFI!H6-CESFI!I6) -> 0 | J6: =H6-I6 -> 1670
C7: 4 | D7: Bermuda sintética (camisas modalidades esportivas) | E7: 339039-46 | F7: Pç | G7: 3.5 | H7: =COVEST!H7+PROEX!H7+FAED!H7+CERES!H7+ESAG!H7+CEART!H7+CEAD!H7+CEFID!H7+CESFI!H7 -> 2850 | I7: =(COVEST!H7-COVEST!I7)+(PROEX!H7-PROEX!I7)+(FAED!H7-FAED!I7)+(CERES!H7-CERES!I7)+(ESAG!H7-ESAG!I7)+(CEART!H7-CEART!I7)+(CEAD!H7-CEAD!I7)+(CEFID!H7-CEFID!I7)+(CESFI!H7-CESFI!I7) -> 0 | J7: =H7-I7 -> 2850
C8: 5 | D8: Blusa de algodão / lã | E8: 339039-46 | F8: Pç | G8: 6 | H8: =COVEST!H8+PROEX!H8+FAED!H8+CERES!H8+ESAG!H8+CEART!H8+CEAD!H8+CEFID!H8+CESFI!H8 -> 492 | I8: =(COVEST!H8-COVEST!I8)+(PROEX!H8-PROEX!I8)+(FAED!H8-FAED!I8)+(CERES!H8-CERES!I8)+(ESAG!H8-ESAG!I8)+(CEART!H8-CEART!I8)+(CEAD!H8-CEAD!I8)+(CEFID!H8-CEFID!I8)+(CESFI!H8-CESFI!I8) -> 0 | J8: =H8-I8 -> 492
C9: 6 | D9: Calça de algodão / lã | E9: 339039-46 | F9: Pç | G9: 4 | H9: =COVEST!H9+PROEX!H9+FAED!H9+CERES!H9+ESAG!H9+CEART!H9+CEAD!H9+CEFID!H9+CESFI!H9 -> 42 | I9: =(COVEST!H9-COVEST!I9)+(PROEX!H9-PROEX!I9)+(FAED!H9-FAED!I9)+(CERES!H9-CERES!I9)+(ESAG!H9-ESAG!I9)+(CEART!H9-CEART!I9)+(CEAD!H9-CEAD!I9)+(CEFID!H9-CEFID!I9)+(CESFI!H9-CESFI!I9) -> 0 | J9: =H9-I9 -> 42
C10: 7 | D10: Calça de goleiro e camisa de goleiro com espuma de proteção nos joelhos, cintura e cotovelos. | E10: 339039-46 | F10: Pç | G10: 4 | H10: =COVEST!H10+PROEX!H10+FAED!H10+CERES!H10+ESAG!H10+CEART!H10+CEAD!H10+CEFID!H10+CESFI!H10 -> 178 | I10: =(COVEST!H10-COVEST!I10)+(PROEX!H10-PROEX!I10)+(FAED!H10-FAED!I10)+(CERES!H10-CERES!I10)+(ESAG!H10-ESAG!I10)+(CEART!H10-CEART!I10)+(CEAD!H10-CEAD!I10)+(CEFID!H10-CEFID!I10)+(CESFI!H10-CESFI!I10) -> 0 | J10: =H10-I10 -> 178
C11: 8 | D11: Calça sintética (tactel) | E11: 339039-46 | F11: Pç | G11: 4.2 | H11: =COVEST!H11+PROEX!H11+FAED!H11+CERES!H11+ESAG!H11+CEART!H11+CEAD!H11+CEFID!H11+CESFI!H11 -> 1500 | I11: =(COVEST!H11-COVEST!I11)+(PROEX!H11-PROEX!I11)+(FAED!H11-FAED!I11)+(CERES!H11-CERES!I11)+(ESAG!H11-ESAG!I11)+(CEART!H11-CEART!I11)+(CEAD!H11-CEAD!I11)+(CEFID!H11-CEFID!I11)+(CESFI!H11-CESFI!I11) -> 0 | J11: =H11-I11 -> 1500
C12: 9 | D12: Camisa de algodão | E12: 339039-46 | F12: Pç | G12: 4.2 | H12: =COVEST!H12+PROEX!H12+FAED!H12+CERES!H12+ESAG!H12+CEART!H12+CEAD!H12+CEFID!H12+CESFI!H12 -> 574 | I12: =(COVEST!H12-COVEST!I12)+(PROEX!H12-PROEX!I12)+(FAED!H12-FAED!I12)+(CERES!H12-CERES!I12)+(ESAG!H12-ESAG!I12)+(CEART!H12-CEART!I12)+(CEAD!H12-CEAD!I12)+(CEFID!H12-CEFID!I12)+(CESFI!H12-CESFI!I12) -> 0 | J12: =H12-I12 -> 574
C13: 10 | D13: Camiseta Polo | E13: 339039-46 | F13: Pç | G13: 3.5 | H13: =COVEST!H13+PROEX!H13+FAED!H13+CERES!H13+ESAG!H13+CEART!H13+CEAD!H13+CEFID!H13+CESFI!H13 -> 490 | I13: =(COVEST!H13-COVEST!I13)+(PROEX!H13-PROEX!I13)+(FAED!H13-FAED!I13)+(CERES!H13-CERES!I13)+(ESAG!H13-ESAG!I13)+(CEART!H13-CEART!I13)+(CEAD!H13-CEAD!I13)+(CEFID!H13-CEFID!I13)+(CESFI!H13-CESFI!I13) -> 0 | J13: =H13-I13 -> 490
C14: 11 | D14: Camiseta regata sintética (basquete) | E14: 339039-46 | F14: Pç | G14: 2.5 | H14: =COVEST!H14+PROEX!H14+FAED!H14+CERES!H14+ESAG!H14+CEART!H14+CEAD!H14+CEFID!H14+CESFI!H14 -> 810 | I14: =(COVEST!H14-COVEST!I14)+(PROEX!H14-PROEX!I14)+(FAED!H14-FAED!I14)+(CERES!H14-CERES!I14)+(ESAG!H14-ESAG!I14)+(CEART!H14-CEART!I14)+(CEAD!H14-CEAD!I14)+(CEFID!H14-CEFID!I14)+(CESFI!H14-CESFI!I14) -> 0 | J14: =H14-I14 -> 810
C15: 12 | D15: Camiseta sintética (camisas modalidades esportivas) | E15: 339039-46 | F15: Pç | G15: 3.5 | H15: =COVEST!H15+PROEX!H15+FAED!H15+CERES!H15+ESAG!H15+CEART!H15+CEAD!H15+CEFID!H15+CESFI!H15 -> 3000 | I15: =(COVEST!H15-COVEST!I15)+(PROEX!H15-PROEX!I15)+(FAED!H15-FAED!I15)+(CERES!H15-CERES!I15)+(ESAG!H15-ESAG!I15)+(CEART!H15-CEART!I15)+(CEAD!H15-CEAD!I15)+(CEFID!H15-CEFID!I15)+(CESFI!H15-CESFI!I15) -> 0 | J15: =H15-I15 -> 3000
C16: 13 | D16: Casaco de algodão | E16: 339039-46 | F16: Pç | G16: 6 | H16: =COVEST!H16+PROEX!H16+FAED!H16+CERES!H16+ESAG!H16+CEART!H16+CEAD!H16+CEFID!H16+CESFI!H16 -> 30 | I16: =(COVEST!H16-COVEST!I16)+(PROEX!H16-PROEX!I16)+(FAED!H16-FAED!I16)+(CERES!H16-CERES!I16)+(ESAG!H16-ESAG!I16)+(CEART!H16-CEART!I16)+(CEAD!H16-CEAD!I16)+(CEFID!H16-CEFID!I16)+(CESFI!H16-CESFI!I16) -> 0 | J16: =H16-I16 -> 30
... C48: 45 | D48: Persianas | E48: 339039-46 | F48: m² | G48: 7 | H48: =COVEST!H48+PROEX!H48+FAED!H48+CERES!H48+ESAG!H48+CEART!H48+CEAD!H48+CEFID!H48+CESFI!H48 -> 300 | I48: =(COVEST!H48-COVEST!I48)+(PROEX!H48-PROEX!I48)+(FAED!H48-FAED!I48)+(CERES!H48-CERES!I48)+(ESAG!H48-ESAG!I48)+(CEART!H48-CEART!I48)+(CEAD!H48-CEAD!I48)+(CEFID!H48-CEFID!I48)+(CESFI!H48-CESFI!I48) -> 0 | J48: =H48-I48 -> 300
D50: *Prazos de Entrega e de Pagamento conforme Termo de Referência do Edital

Sheet Modelo Anexo II IN 002_2014
A1: ANEXO II – Instrução Normativa n.º 002/2014
A3: DECLARAÇÃO DE DISPONIBILIDADE DE QUANTITATIVO PARA EMISSÃO DE AUTORIZAÇÃO DE FORNECIMENTO/ORDEM DE SERVIÇO – SISTEMA DE REGISTRO DE PREÇOS/UDESC
A5: Processo CPA n.º XXXX/2014
A6: Pregão n.º XXXX/2014
A7: Objeto:
A8: Vigência da Ata de Registro de Preços: XX/XX/XXXX até XX/XX/XXXXX
A10: Declaro que o Centro XXXXXXX, participante da Ata de Registro de Preços proveniente do Pregão n.º XXXX/2014, possui saldo em seu quantitativo para a emissão da Autorização de Fornecimento/Ordem de Serviço n.º XXXX/2014, no valor de R$ X.XXX,XX, a ser firmada com a empresa XXXXXXX, restando ainda em sua cota para próximas contratações com o referido fornecedor os seguintes quantitativos:
A12: Lote | B12: Item | C12: Descrição Resumida | D12: Unidade | E12: Valor Unitário (R$) | F12: Saldo Quantitativo (antes da emissão desta AF/OS) | G12: Quantitativo da AF/OS | H12: Saldo Atualizado
A19: __________________, ____/_____/____
A20: Cidade Data
A24: _____________________________________________
A25: Diretor(a) de Administração
A26: (carimbo e assinatura)
